 Dungeon Crawl Stone Soup version 0.18-a0-1730-g73f0523 (webtiles) character file.

13519119 Gorice the Demonic Blade (level 27, 230/230 (231) HPs)
             Began as a Demonspawn Artificer on Apr 5, 2016.
             Was the Champion of Okawaru.
             Escaped with the Orb
             ... and 15 runes on Apr 10, 2016!
             The game lasted 16:41:56 (118641 turns).

Gorice the Demonic Blade (Demonspawn Artificer)   Turns: 118641, Time: 16:41:57

HP:   230/230 (231) AC: 47    Str: 20    XL:     27
MP:   53/53         EV: 28    Int: 19    God:    Okawaru [******]
Gold: 12219         SH:  0    Dex: 19    Spells: 15 memorised, 8 levels left

rFire  + . .     SeeInvis +     a - +7 triple sword of Okawaru's Envy {speed, -Tele rPois Dex+3}
rCold  + . .     Gourm    .     q - +10 shadow dragon armour
rNeg   . . .     Faith    .     (shield currently unavailable)
rPois  +         Spirit   +     X - +3 helmet of the Realm of Zot {MR++ rCorr MP+9 Str+3}
rElec  +         Dismiss  .     h - +1 cloak of Depression {rElec Stlth+}
rCorr  +         Reflect  .     I - +3 pair of gauntlets of War {Slay+5}
SustAt .         Harm     .     (boots unavailable)
MR     ++++.     NoTele   +     g - amulet of guardian spirit
Stlth  ++++......               f - ring of see invisible
                                U - +6 ring of evasion

@: repel missiles, incredibly resistant to hostile enchantments, stealthy
A: talons 3, molten scales 3, cold resistance 1, nightstalker 3, passive freeze,
spiny 3, freezing cloud immunity
a: Heroism, Finesse, Renounce Religion
0: Orb of Zot
}: 15/15 runes: serpentine, barnacled, slimy, silver, golden, iron, obsidian,
icy, bone, abyssal, demonic, glowing, magical, fiery, dark


You escaped.
You worshipped Okawaru.
Okawaru was exalted by your worship.
You were not hungry.

You visited 18 branches of the dungeon, and saw 93 of its levels.
You visited Pandemonium 2 times, and saw 23 of its levels.
You visited the Abyss 5 times.
You visited 1 bazaar.
You also visited: Labyrinth, Trove, Ice Cave and Wizlab.

You collected 16226 gold pieces.
You spent 4007 gold pieces at shops.

Inventory:

Hand Weapons
 a - the +7 triple sword of Okawaru's Envy (weapon) {speed, -Tele rPois Dex+3}
   (Okawaru gifted it to you on level 4 of the Realm of Zot)

   Attacks with this weapon are significantly faster.
   It affects your dexterity (+3).
   It protects you from poison.
   It prevents most forms of teleportation.
 b - the +3 dagger "Ihuelaf" {pierce, rPois MR+ Str-3}
   (Okawaru gifted it to you on level 8 of the Lair of Beasts)

   It inflicts extra damage upon your enemies.
   It affects your strength (-3).
   It protects you from poison.
   It affects your resistance to hostile enchantments.
 v - the +8 great sword "Loacleq" {vamp, Int+3}
   (Okawaru gifted it to you on level 7 of the Lair of Beasts)

   It inflicts no extra harm, but heals its wielder somewhat when it strikes a
   living foe.
   It affects your intelligence (+3).
 B - a +5 blowgun
Missiles
 e - 12 curare-tipped needles
 u - 12 silver javelins (quivered)
 Y - a throwing net
Armour
 h - the +1 cloak of Depression (worn) {rElec Stlth+}
   (Okawaru gifted it to you on level 1 of the Shoals)

   It insulates you from electricity.
   It makes you more stealthy.
 q - a +10 shadow dragon armour (worn)
 I - the +3 pair of gauntlets of War (worn) {Slay+5}
   (You found it in a labyrinth)

   It affects your accuracy and damage with ranged weapons and melee attacks
   (+5).
 X - the +3 helmet of the Realm of Zot (worn) {MR++ rCorr MP+9 Str+3}
   (You found it on level 1 of the Lair of Beasts)

   It affects your strength (+3).
   It affects your resistance to hostile enchantments.
   It affects your magic capacity (+9).
   It protects you from acid and corrosion.
Magical Staves
 W - an uncursed staff of wizardry
Rods
 m - a +0 rod of inaccuracy (11/11) {!a}
   (You found it on level 3 of the Tomb of the Ancients)
 S - a +7 rod of shadows (9/9) {!a}
   (You found it on level 6 of the Pits of Slime)
Jewellery
 f - a ring of see invisible (right hand)
 g - an amulet of guardian spirit (around neck)
 y - an uncursed ring of positive energy
 E - the ring of Ecsaotz {+Fly rPois rF+}
   (You found it in Pandemonium)

   [ring of flight]

   It protects you from fire.
   It protects you from poison.
   It lets you fly.
 P - the ring "Jextan" {Wiz Str+2}
   (You took it off a naga sharpshooter on level 2 of the Snake Pit)

   [ring of wizardry]

   It improves your spell success rate.
   It affects your strength (+2).
 R - the ring "Zowes" {rC+ Dex+4}
   (You found it on level 3 of the Tomb of the Ancients)

   [ring of protection from cold]

   It affects your dexterity (+4).
   It protects you from cold.
 U - a +6 ring of evasion (left hand)
Wands
 d - a wand of disintegration (9/24)
 t - a wand of hasting (4/9) {!d}
 H - a wand of teleportation (9/9) {!d}
 J - a wand of heal wounds (6/9) {!d}
 Z - a wand of digging (16/24)
Scrolls
 i - 15 scrolls of identify
 j - 2 scrolls of summoning {!r}
 l - 14 scrolls of teleportation {!r}
 o - 22 scrolls of remove curse
 r - 10 scrolls of recharging
 s - 4 scrolls of magic mapping {!r}
 D - 9 scrolls of fear {!r}
 K - 9 scrolls of fog
 N - 9 scrolls of blinking
 T - a scroll of enchant armour
Potions
 c - 4 potions of resistance {!q}
 k - 4 potions of magic {!q}
 n - 12 potions of curing
 p - 4 potions of might {!q}
 w - 8 potions of invisibility {!q}
 x - 6 potions of agility {!q}
 z - 8 potions of brilliance {!q}
 F - 3 potions of cancellation {!q}
 G - a potion of haste {!q}
 O - 3 potions of cure mutation {!q}
 Q - 10 potions of heal wounds {!q}
Miscellaneous
 C - a sack of spiders
 L - a box of beasts
 M - a phantom mirror
Comestibles
 A - 17 meat rations {!e}
 V - 64 fruits


   Skills:
 - Level 22.1 Fighting
 - Level 4.1(17.0) Short Blades
 + Level 24.1(24.2) Long Blades
 - Level 10.0 Throwing
 - Level 22.0 Armour
 - Level 22.0 Dodging
 - Level 10.0 Stealth
 - Level 17.0 Spellcasting
 - Level 10.0 Hexes
 + Level 17.8 Charms
 - Level 15.1 Summonings
 - Level 24.0 Necromancy
 - Level 13.8 Translocations
 - Level 20.0 Transmutations
 - Level 5.0 Air Magic
 - Level 8.5 Invocations
 - Level 15.0 Evocations


You had 8 spell levels left.
You knew the following spells:

 Your Spells              Type           Power        Failure   Level  Hunger
a - Spectral Weapon       Hex/Chrm       ######..     1%          3    None
b - Aura of Abjuration    Summ           ######....   1%          5    ###....
d - Dispel Undead         Necr           #######.     1%          5    ###....
g - Passage of Golubria   Tloc           N/A          1%          4    None
p - Portal Projectile     Tloc           ######       1%          3    None
w - Passwall              Trmt/Erth      ######....   1%          2    None
A - Apportation           Tloc           ######....   1%          1    None
B - Summon Butterflies    Summ           ######..     1%          1    None
H - Haste                 Chrm           ######..     1%          6    #####..
J - Blink                 Tloc           N/A          1%          2    None
M - Repel Missiles        Chrm/Air       ######       1%          2    None
N - Necromutation         Trmt/Necr      #######...   14%         8    #######
R - Regeneration          Chrm/Necr      #######...   0%          3    None
S - Swiftness             Chrm/Air       ######..     1%          2    None
Y - Yara's Violent Unrav  Hex/Trmt       ######....   1%          5    ###....


Dungeon Overview and Level Annotations

Branches:
Dungeon (15/15)            Temple (1/1) D:7            Lair (8/8) D:10
 Shoals (4/4) Lair:5        Snake (4/4) Lair:4        Slime (6/6) Lair:6
    Orc (2/2) D:9             Elf (3/3) Orc:2        Vaults (5/5) D:14
  Crypt (3/3) Vaults:2       Tomb (3/3) Crypt:3      Depths (5/5) D:15
   Hell (1/1)                 Dis (7/7) Hell            Geh (7/7) Hell
    Coc (7/7) Hell            Tar (7/7) Hell            Zot (5/5) Depths:5

Altars:
Ashenzari
Cheibriados
Dithmenos
Elyvilon
Fedhas
Gozag
Kikubaaqudgha
Makhleb
Nemelex Xobeh
Okawaru
Pakellas
Qazlal
Ru
Sif Muna
Trog
Vehumet
Xom
Yredelemnul
Zin
The Shining One
Beogh
Jiyva

Shops:
D:4 =   D:5 }   D:6 !(?   D:7 (   D:9 ?   D:10 ?   D:12 (   Orc:2 (([[
Elf:1 (   Snake:1 }   Snake:3 (   Vaults:4 ?   Vaults:5 ?!?

Portals:
Hell: Lair:8 Depths:1 Depths:2 Depths:3 Depths:4 Depths:5
Abyss: Depths:4 Depths:5
Pandemonium: Depths:3 Depths:5
Ziggurat: Depths:3

Annotations:
D:14 xeno23's ghost, journeyman DrBe
Depths:3 exclusions: 2 giant eyeballs, great orb of eyes and shining eye


Innate Abilities, Weirdness & Mutations

You have claws for feet.
You are completely covered in molten scales (AC +4, EV -1, rF+).
Your flesh is cold resistant.
You are completely attuned to the shadows.
A frigid envelope surrounds you and freezes all who hurt you.
You are completely covered in sharp spines.
You are immune to freezing clouds.


Message History

(D) Dungeon (T) Temple (L) Lair (A) Shoals (P) Snake Pit (M) Slime Pits (O) Orcish Mines (E) Elven Halls (V) Vaults (C) Crypt (W) Tomb (U) Depths (H) Hell (I) Dis (G) Gehenna (X) Cocytus (Y) Tartarus (Z) Zot
Where to? (* - list waypoints, Enter - D:1 @ (x,y), ? - help)
An infernal demonspawn comes into view.
It is wielding a demon trident of venom.
The infernal demonspawn is struck by your spines.
The infernal demonspawn completely misses you.
You hit the infernal demonspawn.
The infernal demonspawn is lightly wounded.
The infernal demonspawn is struck by your spines.
The infernal demonspawn completely misses you.
You closely miss the infernal demonspawn.
The infernal demonspawn is moderately wounded.
You slice the infernal demonspawn!!
You claw the infernal demonspawn, but do no damage.
The infernal demonspawn is almost dead.
The infernal demonspawn hits you but does no damage.
You are poisoned.
The infernal demonspawn is very cold.
The infernal demonspawn is almost dead.
You slash the infernal demonspawn!
You kill the infernal demonspawn!
Okawaru accepts your kill.
You feel sick.
Damage: 1 (max 1)
Things that are here:
a demon trident of venom; a plate armour; an infernal demonspawn corpse You feel sick.
(D) Dungeon (T) Temple (L) Lair (A) Shoals (P) Snake Pit (M) Slime Pits (O) Orcish Mines (E) Elven Halls (V) Vaults (C) Crypt (W) Tomb (U) Depths (H) Hell (I) Dis (G) Gehenna (X) Cocytus (Y) Tartarus (Z) Zot
Where to? (* - list waypoints, Enter - D:1 @ (x,y), ? - help) HP restored.
You feel sick.
You feel sick.
You feel sick.
You feel sick.
You feel sick.
You see here a robe.
You feel sick.
You are no longer poisoned.
A jackal comes into view.
There is an open door here.
There is a staircase leading out of the dungeon here.
Enter note: hmm remarkably quite orb run
Enter note: no pan lords!
You have escaped!

#....^.......# #.# #......
#.######..##.# #.## #.##...
#.# ##.##.# #..# #.###.# #.#
#.##.# ##.# #.# #.# #.#
#..#.# #.# #.# #.# #.# ##.#.#
##.# #.# #.# #.# #.### ♣..###
#.# #.# #.# #.#8♣♣♣..#.## #.#
#.# ##.# ####.'.@♣♣...#.###.#
#.#
##..#####....#8♣♣♣..###....#
#.#
##.#.......######♣♣...#.#####
#.# #...........# #...#.##
#####.# #.#..######.# #...#.#
#.g...# #.#..# #.# ##.##.#
#h##### #.#..# #.# #.##.#
##.## #.#..######.#
#.#..###.#.## #.#.........#
#.#.###.###g##


There were no monsters in sight!

Vanquished Creatures
  Cerebov (Pan)
  Antaeus (Coc:7)
  Asmodeus (Geh:7)
  the Royal Jelly (Slime:6)
  the Serpent of Hell (Geh:7)
  Ereshkigal (Tar:7)
  Gloorx Vloq (Pan)
  Lom Lobon (Pan)
  Mnoleg (Pan)
  4 orbs of fire (Zot:5)
  Dispater (Dis:7)
  Khufu (Crypt:2)
  Mennas (Vaults:4)
  12 ancient liches
  7 pandemonium lords (Pan)
  27 greater mummies
  Boris (Depths:3)
  18 shard shrikes
  11 iron giants
  Vashnia (Snake:3)
  Saint Roka (Orc:2)
  3 curse toes
  Geryon (Hell)
  3 Killer Klowns
  7 caustic shrikes
  5 golden dragons
  A profane servitor (Crypt:3)
  Jory (Crypt:3)
  Xtahua (Crypt:2)
  17 bone dragons
  25 Tzitzimimeh
  15 liches
  2 electric golems (Zot:5)
  11 doom hounds
  A hellephant (Abyss:1)
  17 tentacled monstrosities
  20 Brimstone Fiends
  19 Ice Fiends
  12 Hell Sentinels
  22 Orb Guardians (Zot:5)
  Asterion (D:15)
  2 deep elf blademasters (Elf:3)
  19 acid blobs
  7 titans
  2 quicksilver dragons (Vaults:5)
  2 deep elf master archers (Elf:3)
  A kraken (Shoals:1)
  18 sphinxes
  Frances (Elf:1)
  An ancient champion (Crypt:3)
  23 Executioners
  11 tentacled starspawn
  6 death cobs
  12 storm dragons
  13 shadow dragons
  Agnes (D:14)
  Kirke (Lair:7)
  8 revenants
  8 tengu reavers
  7 greater nagas (Snake:4)
  A daeva (Abyss:2)
  3 draconian monks (Zot:1)
  Ilsuiw (Shoals:4)
  22 cacodemons
  4 azure jellies
  11 fire giants
  Donald (Snake:2)
  13 frost giants
  9 iron dragons
  A juggernaut zombie (Hell)
  A blood saint (Pan)
  Aizul (Vaults:2)
  5 draconian scorchers
  3 draconian zealots
  13 vault wardens
  4 draconian knights
  4 warmongers (Pan)
  10 deep elf sorcerers
  Louise (D:15)
  An emperor scorpion (shapeshifter) (Elf:3)
  2 curse skulls (Pan)
  33 balrugs
  3 draconian shifters (Zot:1)
  5 deep elf elementalists
  2 angels (Pan)
  2 ghouls
  4 draconian annihilators
  3 war gargoyles
  The ghost of ololoev the Earth Mage, a journeyman GrEE of Vehumet (Depths:1)
  4 elemental wellsprings
  15 ironheart preservers
  71 reapers
  2 ophanim (Pan)
  31 stone giants
  22 very ugly things
  7 draconian callers
  An apis (Pan)
  The ghost of xeno23 the Severer, a journeyman MiBe of Trog (D:14)
  7 salamander stormcallers
  3 chaos champions (Pan)
  2 corrupters (Pan)
  19 vampire knights
  A spectral titan (Crypt:3)
  5 deep elf demonologists
  18 lorocyprocas
  16 green draconians
  Azrael (D:15)
  7 black suns (Pan)
  12 red draconians
  13 deep elf annihilators
  12 bennus
  9 spark wasps
  9 yellow draconians
  16 mottled draconians
  9 white draconians
  9 black draconians
  The ghost of skk the Grappler, a journeyman TrMo of Okawaru (Shoals:1)
  9 purple draconians
  6 merfolk javelineers
  33 blizzard demons
  12 deep elf death magi
  20 green deaths
  33 vault guards
  11 ettins
  6 quicksilver dragon zombies
  7 eidola
  20 mummy priests
  28 jiangshi
  3 kraken zombies
  3 death oozes (Slime:6)
  16 yaktaur captains
  13 fire dragons
  A merfolk impaler (Shoals:4)
  Josephine (Lair:7)
  A minotaur (Lab)
  10 great orbs of eyes
  4 quicksilver dragon skeletons
  The ghost of 4thArraOfDagon the Cleaver, a journeyman HOBe of Trog (Orc:1)
  10 deep elf high priests
  12 hydras
  3 ghost crabs
  5 entropy weavers
  10 rakshasas
  8 monstrous demonspawn (Pan)
  5 spriggan air magi
  21 naga warriors
  35 ice dragons
  6 centaur warriors
  5 merfolk avatars
  5 hell beasts
  6 merfolk aquamancers
  2 alligator snapping turtles (Shoals:4)
  6 death knights
  A queen ant (Lair:6)
  5 satyrs
  10 ogre magi
  17 anacondas
  6 deep troll earth magi
  16 death yaks
  19 naga sharpshooters
  10 titan zombies
  4 deep troll shamans
  10 spriggan berserkers
  10 vampire magi
  Urug (Lair:3)
  11 thrashing horrors
  27 dancing weapons
  2 orc high priests
  A hell knight (Crypt:3)
  37 soul eaters
  5 storm dragon zombies
  5 iron golems
  13 hell hogs
  8 shock serpents
  8 salamander mystics
  4 titan skeletons
  73 sun demons
  20 deep elf knights
  Sonja (Lair:2)
  6 wretched stars
  20 shadow wraiths
  5 storm dragon skeletons
  12 anaconda zombies
  137 skeletal warriors
  14 iron trolls
  A cherub (Pan)
  56 death scarabs
  A deep troll (shapeshifter) (Vaults:1)
  5 spatial maelstroms
  7 giant orange brains
  20 deep trolls
  21 flayed ghosts
  6 unseen horrors
  9 sea snakes
  3 swamp dragons (Depths:2)
  11 gelid demonspawn (Pan)
  An orange crystal statue (Depths:2)
  2 golden dragon zombies
  7 infernal demonspawn
  15 shadow demons
  9 naga ritualists
  21 deep elf archers
  3 putrid demonspawn (Pan)
  4 hill giants
  36 harpies
  17 ironbrand convokers
  An obsidian statue (Zot:5)
  6 shadow dragon zombies
  An anubis guard (shapeshifter) (Vaults:5)
  2 ghost moth zombies
  18 starcursed masses
  5 anaconda skeletons
  3 golden dragon skeletons
  A wolf spider zombie (Coc:3)
  5 lindwurms
  13 orc knights
  5 torturous demonspawn (Pan)
  11 anubis guards
  7 stone giant zombies
  12 mana vipers
  6 wizards
  17 phantasmal warriors
  4 wolf spiders
  6 frost giant zombies
  5 shining eyes
  9 manticores
  6 fire giant zombies
  A hornet (shapeshifter) (Vaults:3)
  8 iron dragon zombies
  60 deep elf magi
  A cyclops (shapeshifter) (D:15)
  7 necromancers
  5 orc sorcerers
  4 shadow dragon skeletons
  16 griffons
  24 fauns
  7 worldbinders
  10 cyclopes
  30 ugly things
  28 sixfirhies
  24 salamanders
  2 hornets
  2 hell hog skeletons
  4 ice statues
  5 iron dragon skeletons
  9 sirens
  10 fire giant skeletons
  Maurice (Orc:2)
  4 centaur zombies
  8 frost giant skeletons
  7 stone giant skeletons
  9 guardian serpents
  17 moths of wrath
  31 black mambas
  4 water nymphs
  18 vault sentinels
  4 eyes of devastation
  3 human skeletons
  12 elephants
  An apocalypse crab (Abyss:3)
  10 dire elephant zombies
  2 molten gargoyles (Geh:7)
  2 torpor snails
  27 orange demons
  10 spiny frogs
  A titan simulacrum (Coc:7)
  35 smoke demons
  35 rust devils
  3 gargoyles
  23 naga magi
  A spiny frog (shapeshifter) (Elf:1)
  2 catoblepas zombies
  5 dire elephant skeletons
  13 efreet
  A purple draconian zombie (Dis:7)
  A rime drake (shapeshifter) (Depths:3)
  4 kobold demonologists
  23 hellions
  12 komodo dragons
  43 yaktaurs
  43 freezing wraiths
  11 rime drakes
  45 tormentors
  63 ice devils
  11 demonic crawlers
  A redback zombie (Crypt:2)
  3 emperor scorpion zombies
  28 hellwings
  6 silent spectres
  7 ancient zymes
  3 anaconda simulacra
  48 red devils
  3 catoblepas skeletons
  A queen bee (shapeshifter) (D:15)
  2 tengu conjurers (Depths:2)
  A grey draconian skeleton (Crypt:2)
  2 jumping spiders (shapeshifter)
  30 guardian mummies
  3 harpy zombies
  11 hydra zombies
  17 merfolk
  A jumping spider (Vaults:3)
  A death yak skeleton (Crypt:2)
  7 hydra skeletons
  A yaktaur skeleton (WizLab)
  5 polar bears
  9 trolls
  A merfolk (shapeshifter) (Depths:5)
  2 wolf spider simulacra
  15 two-headed ogres
  2 harpy skeletons
  A moth of wrath zombie (Crypt:2)
  3 wind drakes
  18 ushabtiu
  4 fire dragon zombies
  17 blink frogs
  6 boulder beetles
  10 raiju
  17 snapping turtles
  71 slime creatures
  A fire giant simulacrum (Tar:5)
  6 ice dragon zombies
  A tarantella zombie (Crypt:1)
  6 alligator zombies
  2 minotaur skeletons
  4 bog bodies
  5 ettin zombies
  5 fire dragon skeletons
  4 air elementals
  176 flying skulls
  26 water elementals
  15 yaks
  4 ice dragon skeletons
  3 alligator skeletons
  25 ynoxinuls
  23 redbacks
  A tarantella (shapeshifter) (Vaults:2)
  An elf skeleton (Vaults:5)
  34 large abominations
  A spriggan (shapeshifter) (Vaults:5)
  2 tarantellas (Vaults:2)
  A wind drake zombie (Crypt:1)
  5 ettin skeletons
  36 wraiths
  28 shadows
  4 spriggans
  A hog (Lair:7)
  3 humans (D:14)
  6 basilisks
  2 elf zombies
  20 golden eyes
  12 wyverns
  17 fire elementals
  2 dire elephant simulacra
  A yak (shapeshifter) (Vaults:2)
  8 chaos spawn
  7 hungry ghosts
  13 vampire mosquitoes
  22 neqoxecs
  8 wargs
  A mottled dragon (D:15)
  19 hippogriffs
  A death yak simulacrum (IceCv)
  15 spatial vortices
  A catoblepas simulacrum (Abyss:2)
  47 nagas
  19 small abominations
  6 soldier ants
  A swamp worm (Depths:2)
  3 insubstantial wisps (WizLab)
  16 water moccasins
  A putrid demonspawn zombie (Tar:1)
  71 hell hounds
  12 spiny frog zombies
  3 sky beasts
  2 swamp drakes (Depths:2)
  13 porcupines
  53 orc warriors
  5 wasps
  14 ice beasts
  43 ogres
  4 spiny frog skeletons
  5 snapping turtle zombies
  2 alligator simulacra
  13 phantoms
  5 black bears
  A lindwurm zombie (Crypt:1)
  An ettin simulacrum (Vaults:1)
  2 eyes of draining
  21 necrophages
  5 swamp dragon zombies
  A wolf (shapeshifter) (Vaults:1)
  A boggart (WizLab)
  2 manticore zombies
  3 snapping turtle skeletons
  22 centaurs
  2 manticore skeletons
  28 wolves
  16 crocodiles
  A crocodile (shapeshifter) (Vaults:2)
  2 swamp dragon skeletons
  4 big kobolds
  Blork the orc (D:4)
  18 giant frogs
  3 earth elementals
  A gnoll sergeant (D:8)
  A glowing shapeshifter simulacrum (Depths:4)
  A wyvern zombie (D:15)
  2 wyvern skeletons
  A yak zombie (Crypt:1)
  2 scorpions
  66 wights
  A manticore simulacrum (Coc:7)
  A killer bee (D:14)
  2 troll skeletons
  An elephant simulacrum (IceCv)
  6 electric eels
  A howler monkey (D:13)
  25 crimson imps
  8 quasits
  3 draconian simulacra (IceCv)
  A human simulacrum (Vaults:1)
  3 giant frog zombies
  3 hounds
  10 orc priests
  A human zombie (Dis:2)
  37 jellies
  7 centaur skeletons
  Crazy Yiuf (D:7)
  30 iron imps
  A giant frog skeleton (D:9)
  27 orc wizards
  Jessica (D:3)
  3 iguanas
  5 troll simulacra (IceCv)
  14 hell rats
  21 worker ants
  3 spriggan simulacra (IceCv)
  A boulder beetle simulacrum (Vaults:3)
  2 tengu zombies
  A wolf simulacrum (IceCv)
  3 naga zombies
  23 sheep
  4 centaur simulacra (IceCv)
  A big kobold skeleton (Crypt:2)
  A crocodile skeleton (Crypt:2)
  A naga skeleton (Crypt:3)
  51 mummies
  2 ogre skeletons
  A howler monkey skeleton (D:10)
  19 gnolls
  14 adders
  2 naga simulacra (IceCv)
  3 ogre simulacra (IceCv)
  82 river rats
  14 shadow imps
  26 white imps
  2 ufetubi
  3 oozes
  An adder skeleton (D:4)
  A sheep skeleton (Crypt:1)
  2 worms
  A dart slug (D:1)
  4 giant geckos
  107 orcs
  8 giant cockroaches
  9 hobgoblins
  10 jackals
  6 quokkas
  A ball python (D:1)
  16 bats
  5 giant newts
  5 goblins
  17 kobolds
  A kobold skeleton (Crypt:1)
  A kobold zombie (Crypt:1)
  25 rats
  A bush (Lair:7)
  4 crawling corpses (Elf:3)
  A fire vortex (Pan)
  A fungus (D:10)
  5 lost souls
  A lurking horror (Abyss:3)
  7 plants
  4 tentacles
  2 tentacle segments
5202 creatures vanquished.

Vanquished Creatures (collateral kills)
  A death ooze (Slime:6)
  An ice devil (Coc:7)
  An orc wizard (D:9)
  2 orcs (D:9)
5 creatures vanquished.

Vanquished Creatures (others)
  An Ice Fiend (Coc:7)
  An Orb Guardian (Zot:5)
  6 eldritch tentacles
  A blood saint (Pan)
  A revenant (Tomb:2)
  A draconian knight (Zot:3)
  A reaper (Dis:4)
  2 elemental wellsprings
  A quicksilver dragon zombie (Tomb:2)
  A hell hog (Geh:2)
  25 death scarabs
  A faun (Shoals:4)
  A guardian serpent (Snake:4)
  A yaktaur (Vaults:5)
  An ice devil (Coc:7)
  3 flying skulls
  An ushabti (Tomb:2)
  A ynoxinul (Pan)
  4 humans (Lair:7)
  3 hell hounds
  A water moccasin (Lair:8)
  A manticore zombie (Dis:4)
  A centaur (D:5)
  2 wights (Geh:3)
  An iron imp (Dis:4)
  A mummy (Tomb:2)
  A bush (Abyss:1)
  5245 eldritch tentacle segments
  2 fire vortices (Pan)
  33 fungi
  9 lost souls
  A lurking horror (Abyss:3)
  19 plants
  192 spectral weapons
  19 starspawn tentacles
  4 starspawn tentacle segments
  15 tentacles
  104 tentacle segments
5708 creatures vanquished.

Grand Total: 10915 creatures vanquished

Notes
Turn   | Place    | Note
--------------------------------------------------------------
     0 | D:1      | Gorice the Demonspawn Artificer began the quest for the Orb.
     0 | D:1      | Reached XP level 1. HP: 15/15 MP: 3/3
    30 | D:1      | Reached skill level 1 in Short Blades
   335 | D:1      | Gained mutation: You are partially covered in molten scales (AC +1). [demonic ancestry]
   335 | D:1      | Reached XP level 2. HP: 19/21 MP: 4/4
   578 | D:1      | Reached skill level 2 in Short Blades
   609 | D:1      | Reached skill level 2 in Fighting
   617 | D:1      | Gained mutation: You are partially covered in sharp spines. [demonic ancestry]
   617 | D:1      | Reached XP level 3. HP: 24/27 MP: 5/5
   946 | D:2      | Gained mutation: You are mostly covered in molten scales (AC +3, EV -1). [demonic ancestry]
   946 | D:2      | Reached XP level 4. HP: 34/34 MP: 6/6
   963 | D:1      | HP: 6/34 [something (9)]
  1328 | D:2      | Found a blossoming altar of Fedhas.
  1376 | D:2      | Reached skill level 3 in Short Blades
  1996 | D:3      | Reached skill level 3 in Fighting
  2042 | D:2      | HP: 3/35 [gnoll/whip (8)]
  2128 | D:3      | Found a snail-covered altar of Cheibriados.
  2578 | D:3      | Reached XP level 5. HP: 41/41 MP: 7/7
  2635 | D:3      | Noticed Jessica
  2642 | D:3      | Killed Jessica
  3223 | D:4      | Found a glowing silver altar of Zin.
  3303 | D:4      | Reached skill level 4 in Fighting
  3303 | D:4      | Reached skill level 4 in Short Blades
  3324 | D:4      | Gained mutation: You have sharp toenails. [demonic ancestry]
  3324 | D:4      | Reached XP level 6. HP: 39/48 MP: 8/8
  3381 | D:4      | Found Maegof's Jewellery Emporium.
  3841 | D:4      | Noticed Blork the orc
  3859 | D:4      | Killed Blork the orc
  3859 | D:4      | Reached skill level 1 in Long Blades
  4006 | D:4      | Reached skill level 2 in Long Blades
  4083 | D:5      | Entered Level 5 of the Dungeon
  4107 | D:5      | Reached XP level 7. HP: 44/55 MP: 9/9
  4157 | D:5      | Reached skill level 5 in Fighting
  4192 | D:5      | Reached skill level 3 in Long Blades
  4222 | D:5      | Found an iron altar of Okawaru.
  4231 | D:5      | Became a worshipper of Warmaster Okawaru
  4308 | D:5      | Found an oddly glowing altar of Pakellas.
  4308 | D:5      | Found Pakellas's Prime Provisions.
  4523 | D:5      | Reached skill level 4 in Long Blades
  4665 | D:5      | Found a burning altar of Makhleb.
  4666 | D:5      | Found a basalt altar of Yredelemnul.
  5052 | D:5      | Found a blossoming altar of Fedhas.
  5221 | D:5      | HP: 16/57 [wight/enchanted morningstar (13)]
  5223 | D:5      | Gained mutation: You have razor-sharp toenails. [demonic ancestry]
  5223 | D:5      | Reached XP level 8. HP: 15/64 MP: 10/10
  5502 | D:6      | Reached skill level 6 in Fighting
  5502 | D:6      | Reached skill level 5 in Long Blades
  5517 | D:6      | Reached * piety under Okawaru
  5538 | D:6      | Got a dazzling spear
  5564 | D:6      | Found a shadowy altar of Dithmenos.
  5679 | D:6      | Reached skill level 6 in Long Blades
  5738 | D:6      | Found Bugget's Magic Scroll Shoppe.
  5745 | D:6      | Bought a scroll of blinking for 75 gold pieces
  5890 | D:6      | Found Bishi's Antique Weapon Shoppe.
  5891 | D:6      | Found Liashre's Distillery.
  5902 | D:6      | Bought a potion of heal wounds for 70 gold pieces
  6042 | D:7      | Found an ancient bone altar of Kikubaaqudgha.
  6214 | D:7      | Reached ** piety under Okawaru
  6214 | D:7      | Reached skill level 7 in Fighting
  6214 | D:7      | Reached skill level 7 in Long Blades
  6233 | D:7      | Found a staircase to the Ecumenical Temple.
  6237 | Temple   | Entered the Ecumenical Temple
  6560 | D:7      | Found a sacrificial altar of Ru.
  6654 | D:7      | Noticed Crazy Yiuf
  6655 | D:7      | Killed Crazy Yiuf
  6684 | D:7      | Found Quseqadi's Weapon Boutique.
  6882 | D:8      | Gained mutation: You are mostly covered in sharp spines. [demonic ancestry]
  6882 | D:8      | Reached XP level 9. HP: 72/72 MP: 11/11
  7699 | D:9      | Found a staircase to the Orcish Mines.
  7704 | D:9      | Found an opulent altar of Gozag.
  7758 | D:9      | Reached skill level 8 in Long Blades
  7793 | D:9      | Found Yjemej's Magic Scroll Emporium.
  7796 | D:9      | Bought a scroll of blinking for 112 gold pieces
  7809 | D:9      | Reached skill level 1 in Armour
  7886 | D:9      | Found a bloodstained altar of Trog.
  7892 | D:9      | Found a deep blue altar of Sif Muna.
  7895 | D:9      | Found a stormy altar of Qazlal.
  8074 | D:9      | Noticed a troll
  8078 | D:9      | Killed a troll
  8147 | D:9      | Reached skill level 2 in Armour
  8401 | D:9      | Reached skill level 9 in Long Blades
  8597 | D:10     | Entered Level 10 of the Dungeon
  8640 | D:10     | Reached *** piety under Okawaru
  8648 | D:10     | Reached skill level 3 in Armour
  8849 | D:10     | Found a staircase to the Lair.
  8915 | Lair:1   | Entered Level 1 of the Lair of Beasts
  8919 | Lair:1   | Got a translucent helmet
  8925 | Lair:1   | Identified the +3 helmet of the Realm of Zot {MR++ rCorr MP+9 Str+3} (You found it on level 1 of the Lair of Beasts)
  8925 | Lair:1   | --nice helm!
  8967 | Lair:1   | --...and +2 gloves (+7 AC just for sticking nose into lair!)
  9248 | D:10     | Found a white marble altar of Elyvilon.
  9263 | D:10     | Gained mutation: You are slightly more attuned to the shadows. [demonic ancestry]
  9263 | D:10     | Reached XP level 10. HP: 79/79 MP: 12/12
  9510 | D:10     | Found Nostra Isiu's Magic Scroll Boutique.
  9569 | D:9      | Reached skill level 4 in Armour
  9580 | Orc:1    | Entered Level 1 of the Orcish Mines
  9580 | Orc:1    | Noticed 4thArraOfDagon's ghost (journeyman HOBe)
  9599 | D:9      | Reached **** piety under Okawaru
  9599 | D:9      | Reached skill level 10 in Long Blades
  9804 | Orc:1    | HP: 22/79 [4thArraOfDagon's ghost (5)]
 10890 | Lair:1   | Reached skill level 5 in Armour
 11095 | D:10     | Bought a scroll of noise for 12 gold pieces
 11095 | D:10     | Bought a scroll of enchant armour for 90 gold pieces
 11095 | D:10     | Bought a scroll of amnesia for 42 gold pieces
 11095 | D:10     | Bought a scroll of identify for 24 gold pieces
 11095 | D:10     | Bought a scroll of identify for 24 gold pieces
 11095 | D:10     | Bought a scroll of identify for 24 gold pieces
 11208 | D:6      | Bought a scroll of identify for 20 gold pieces
 11208 | D:6      | Bought a scroll of immolation for 35 gold pieces
 11208 | D:6      | Bought a scroll of identify for 20 gold pieces
 11369 | Lair:1   | Noticed a four-headed hydra
 11467 | Lair:2   | Reached skill level 1 in Invocations
 11589 | Lair:2   | Noticed a six-headed hydra
 11606 | Lair:2   | Killed a six-headed hydra
 11606 | Lair:2   | Reached ***** piety under Okawaru
 11606 | Lair:2   | Reached skill level 11 in Long Blades
 11606 | Lair:2   | Reached skill level 2 in Invocations
 11795 | Lair:2   | Got a spiked cloak
 11806 | Lair:2   | Identified the cursed +0 cloak of Suguej {rF+ rN+ Dex-5} (You found it on level 2 of the Lair of Beasts)
 11824 | Lair:2   | Reached skill level 3 in Invocations
 11992 | Lair:2   | Noticed Sonja
 12010 | Lair:2   | Killed Sonja
 12010 | Lair:2   | Reached skill level 4 in Invocations
 12010 | Lair:2   | Gained mutation: You are completely covered in sharp spines. [demonic ancestry]
 12010 | Lair:2   | Reached XP level 11. HP: 66/84 MP: 14/14
 12116 | Lair:2   | Reached skill level 6 in Armour
 12142 | Lair:2   | Noticed a six-headed hydra
 12156 | Lair:2   | Killed a six-headed hydra
 12403 | Lair:3   | Reached skill level 5 in Invocations
 12448 | Lair:3   | Found a labyrinth entrance.
 12467 | Lab      | Entered a labyrinth
 12574 | Lab      | Noticed a minotaur
 12583 | Lab      | Killed a minotaur
 12583 | Lab      | Reached ****** piety under Okawaru
 12583 | Lab      | Reached skill level 12 in Long Blades
 12584 | Lab      | --wow straight line to the 'taur from the entrance point!
 12588 | Lab      | Got a fine chain mail
 12604 | Lab      | --Wow gauntlets of war!
 12614 | Lab      | Identified the +4 chain mail "Dureh" {rElec} (You took it off a minotaur in a labyrinth)
 12804 | Lair:3   | Noticed Urug
 12810 | Lair:3   | HP: 20/84 [komodo dragon (21)]
 12828 | Lair:3   | HP: 20/84 [Urug/javelin (20)]
 13164 | Orc:1    | Killed 4thArraOfDagon's ghost
 13164 | Orc:1    | Reached skill level 6 in Invocations
 13380 | D:9      | Received a gift from Okawaru
 13696 | Orc:1    | Found a roughly hewn altar of Beogh.
 13992 | D:5      | Reached skill level 7 in Armour
 14043 | D:4      | Bought a +3 ring of evasion for 294 gold pieces
 14043 | D:4      | Bought an uncursed ring of poison resistance for 280 gold pieces
 14370 | Lair:3   | Found a shadowy altar of Dithmenos.
 14459 | Lair:3   | Reached skill level 7 in Invocations
 14982 | Lair:4   | Noticed a lindwurm
 15093 | Lair:4   | Killed a lindwurm
 15117 | Lair:4   | Gained mutation: You are significantly more attuned to the shadows. [demonic ancestry]
 15117 | Lair:4   | Reached XP level 12. HP: 91/91 MP: 17/17
 15120 | Lair:4   | Found a staircase to the Snake Pit.
 15235 | Lair:4   | Reached skill level 8 in Invocations
 15253 | Lair:4   | Reached skill level 13 in Long Blades
 15386 | Lair:4   | Noticed a death yak
 15396 | Lair:4   | Killed a death yak
 15529 | Lair:4   | Noticed a death yak
 15538 | Lair:4   | Noticed a death yak
 15551 | Lair:4   | Killed a death yak
 15551 | Lair:4   | Reached skill level 8 in Armour
 15734 | Lair:4   | Noticed a death yak
 15741 | Lair:4   | Killed a death yak
 15754 | Lair:4   | Killed a death yak
 15754 | Lair:4   | Received a gift from Okawaru
 15758 | Lair:4   | Got a twisted short sword {god gift}
 15764 | Lair:4   | Identified the +8 short sword of Xumif Rar {drain, Dex+6} (Okawaru gifted it to you on level 4 of the Lair of Beasts)
 15767 | Lair:4   | Noticed a death yak
 15775 | Lair:4   | Killed a death yak
 16032 | Lair:4   | Reached skill level 8 in Fighting
 16036 | Lair:4   | --wow 3 !cure mut on this level!
 16488 | Lair:3   | Killed Urug
 16681 | Lair:5   | Noticed a death yak
 16682 | Lair:5   | Noticed a death yak
 16697 | Lair:5   | Noticed a death yak
 16702 | Lair:5   | Killed a death yak
 16702 | Lair:5   | Reached skill level 14 in Long Blades
 16706 | Lair:5   | Killed a death yak
 16715 | Lair:5   | Killed a death yak
 17032 | Lair:5   | Reached skill level 9 in Armour
 17158 | Lair:5   | Gained mutation: Your flesh is cold resistant. [demonic ancestry]
 17158 | Lair:5   | Reached XP level 13. HP: 100/100 MP: 19/19
 17237 | Lair:5   | Found a staircase to the Shoals.
 17850 | Lair:5   | Reached skill level 9 in Fighting
 18105 | Lair:6   | Received a gift from Okawaru
 18696 | Lair:6   | Reached skill level 10 in Armour
 18903 | Lair:6   | Reached skill level 10 in Fighting
 19122 | Lair:6   | Found a staircase to the Slime Pits.
 19172 | Lair:6   | Received a gift from Okawaru
 19509 | Lair:7   | HP: 31/104 [death yak (16)]
 19531 | Lair:7   | Reached skill level 15 in Long Blades
 19876 | Lair:7   | Found a frozen archway.
 19940 | IceCv    | Entered an ice cave
 20234 | IceCv    | Reached XP level 14. HP: 66/111 MP: 20/20
 20714 | IceCv    | Reached skill level 11 in Fighting
 21022 | IceCv    | Identified the Handbook of Inference
 21111 | IceCv    | Found an ancient bone altar of Kikubaaqudgha.
 21369 | Lair:1   | Reached skill level 11 in Armour
 21578 | Lair:7   | Noticed Kirke
 21591 | Lair:7   | Killed Kirke
 21712 | Lair:7   | Received a gift from Okawaru
 21759 | Lair:7   | Got a dazzling great sword {god gift}
 21765 | Lair:7   | Noticed Josephine
 21824 | Lair:6   | Identified the +8 great sword "Loacleq" {vamp, Int+3} (Okawaru gifted it to you on level 7 of the Lair of Beasts)
 21986 | Lair:7   | Killed Josephine
 22111 | Lair:8   | Entered Level 8 of the Lair of Beasts
 22634 | Lair:8   | Reached skill level 12 in Fighting
 22687 | Lair:8   | Received a gift from Okawaru
 22688 | Lair:8   | Got a warped dagger {god gift}
 22710 | Lair:8   | Identified the +3 dagger "Ihuelaf" {pierce, rPois MR+ Str-3} (Okawaru gifted it to you on level 8 of the Lair of Beasts)
 23302 | Lair:8   | Reached skill level 12 in Armour
 23526 | Lair:8   | Found a burning altar of Makhleb.
 23532 | Lair:8   | Found a gateway to Hell.
 23822 | D:6      | Bought a potion of resistance for 140 gold pieces
 23822 | D:6      | Bought a potion of heal wounds for 70 gold pieces
 23822 | D:6      | Bought a potion of berserk rage for 70 gold pieces
 23913 | D:4      | Bought an uncursed ring of see invisible for 210 gold pieces
 24120 | Orc:2    | Entered Level 2 of the Orcish Mines
 24297 | Orc:2    | Found a roughly hewn altar of Beogh.
 24580 | Orc:2    | Received a gift from Okawaru
 24588 | Orc:2    | Noticed Saint Roka
 24672 | Orc:2    | HP: 31/116 [Saint Roka/battleaxe of freezing (10)]
 24673 | Orc:2    | HP: 13/116 [Saint Roka/divine providence (16)]
 25072 | Orc:2    | Found a staircase to the Elven Halls.
 25104 | Orc:2    | Noticed Maurice
 25111 | Orc:2    | Killed Maurice
 25113 | Orc:2    | Reached XP level 15. HP: 113/122 MP: 21/21
 25122 | Orc:2    | Reached skill level 16 in Long Blades
 25208 | Orc:2    | HP: 27/122 [Saint Roka/divine providence (12)]
 26272 | Orc:2    | Found Daeplua's Antique Armour Shoppe.
 26272 | Orc:2    | Found Wuttodar's Antique Weapon Shop.
 26272 | Orc:2    | Found Puz Homm's Antique Weapon Boutique.
 26274 | Orc:2    | Found Seusyk's Armour Emporium.
 26722 | Orc:2    | Killed Saint Roka
 26876 | Lair:1   | Upgraded the game from 0.18-a0-1692-g516f9e9 to 0.18-a0-1702-gd20c6a5
 26942 | D:11     | Identified a scroll of acquirement
 27092 | D:11     | Reached skill level 13 in Fighting
 27104 | D:11     | --2 ?acquire on this level!
 28198 | D:12     | Found Gef Car's Antique Weapon Shop.
 28633 | Lair:1   | --now got 3 ?acq!
 28634 | Lair:1   | Got a pair of heavily runed boots
 28645 | Lair:1   | Identified the +1 pair of boots of Orchuec {rN+ Str-5 Int+3} (You acquired it on level 1 of the Lair of Beasts)
 29487 | D:14     | Found a flickering gateway to a bazaar.
 29503 | Bazaar   | Entered a bazaar
 29512 | Bazaar   | Found Ohiemmuah's Assorted Antiques.
 29518 | Bazaar   | Found Diuci's Antique Weapon Emporium.
 29548 | Bazaar   | Found Orunk's Antique Weapon Shoppe.
 29554 | Bazaar   | Found Cerro's Antique Armour Emporium.
 29556 | Bazaar   | Found Powni's Antique Weapon Boutique.
 29611 | D:14     | Found a gate to the Vaults.
 29618 | D:14     | Received a gift from Okawaru
 29678 | D:14     | Reached skill level 13 in Armour
 29776 | D:14     | Noticed xeno23's ghost (journeyman MiBe)
 29796 | D:14     | Killed xeno23's ghost
 29984 | D:14     | Noticed Agnes
 30152 | D:14     | Killed Agnes
 30510 | D:14     | Noticed xeno23's ghost (journeyman DrBe)
 30798 | Orc:2    | Bought a polished plate armour for 924 gold pieces
 30808 | Orc:2    | Identified the +3 plate armour of Gezaff {Dex+5} (You bought it in a shop on level 2 of the Orcish Mines)
 31301 | D:15     | Entered Level 15 of the Dungeon
 31301 | D:15     | Noticed Louise
 31313 | D:15     | Killed Louise
 31638 | D:15     | Reached XP level 16. HP: 132/132 MP: 22/22
 31664 | D:15     | Reached skill level 14 in Fighting
 31694 | D:15     | Found a staircase to the Depths.
 31911 | D:15     | Noticed Azrael
 31930 | D:15     | Killed Azrael
 31954 | D:15     | Gained mutation: You evolve. [potion of beneficial mutation]
 32172 | D:15     | Reached skill level 17 in Long Blades
 32448 | Shoals:1 | Entered Level 1 of the Shoals
 32509 | Shoals:1 | Received a gift from Okawaru
 32511 | Shoals:1 | Got a warped cloak {god gift}
 32541 | Shoals:1 | Identified the +1 cloak of Depression {rElec Stlth+} (Okawaru gifted it to you on level 1 of the Shoals)
 32595 | Shoals:1 | Lost mutation: You evolve. [evolution]
 32596 | Shoals:1 | --heh so the only mutation generated by evolve
 32596 | Shoals:1 | --was to remove itself!
 33057 | Shoals:1 | Noticed skk's ghost (journeyman TrMo)
 33080 | Shoals:1 | Killed skk's ghost
 33241 | Shoals:1 | Noticed a kraken
 33253 | Shoals:1 | Killed a kraken
 33845 | Shoals:2 | Reached skill level 14 in Armour
 33871 | Shoals:2 | Reached skill level 2 in Dodging
 34359 | Shoals:2 | Reached skill level 3 in Dodging
 34418 | Shoals:2 | Noticed a kraken
 34430 | Shoals:2 | Reached skill level 15 in Fighting
 34643 | Shoals:2 | Reached skill level 4 in Dodging
 35107 | Shoals:3 | Received a gift from Okawaru
 35108 | Shoals:3 | Got a smoking hat {god gift}
 35136 | Shoals:3 | Reached skill level 5 in Dodging
 35136 | Shoals:3 | Reached XP level 17. HP: 142/142 MP: 23/23
 35371 | Lair:5   | Identified the +2 hat "Cecs" {rPois Regen+ MP+9 Int-3} (Okawaru gifted it to you on level 3 of the Shoals)
 35441 | Shoals:4 | Entered Level 4 of the Shoals
 35558 | Shoals:4 | Noticed Ilsuiw
 35684 | Shoals:4 | HP: 36/142 [snapping turtle (12)]
 35692 | Shoals:4 | HP: 42/142 [poisoned by a sea snake]
 35708 | Shoals:4 | HP: 41/142 [merfolk/trident of flaming (2)]
 35715 | Shoals:4 | HP: 26/142 [merfolk/trident of flaming (9)]
 35721 | Shoals:4 | HP: 28/142 [snapping turtle (17)]
 35728 | Shoals:4 | Reached skill level 4 in Evocations
 35729 | Shoals:4 | HP: 29/142 [merfolk javelineer/javelin (18)]
 35736 | Shoals:4 | HP: 22/142 [faun/stone (9)]
 35750 | Shoals:4 | HP: 28/142 [faun/spear[a satyr] (20)]
 35759 | Shoals:4 | HP: 39/142 [faun/stone[a satyr] (2)]
 35833 | Shoals:4 | Reached skill level 6 in Dodging
 35955 | Shoals:4 | Killed Ilsuiw
 35955 | Shoals:4 | Reached skill level 5 in Evocations
 36335 | Shoals:4 | Identified Piwary's Compendium of Freezing Weightlessness
 36439 | Shoals:4 | --weird, rune just sitting on the sand
 36439 | Shoals:4 | --explains the tough level!
 36440 | Shoals:4 | Got a barnacled rune of Zot
 36947 | Snake:1  | Entered Level 1 of the Snake Pit
 37120 | Snake:1  | Received a gift from Okawaru
 37120 | Snake:1  | Reached skill level 6 in Evocations
 37313 | Snake:1  | Found Zuoqil's Gadget Boutique.
 37524 | Snake:1  | Reached skill level 7 in Dodging
 37852 | Snake:2  | Noticed Donald
 37858 | Snake:2  | Killed Donald
 38025 | Snake:2  | Reached skill level 7 in Evocations
 38418 | Snake:2  | Got a scintillating glass ring
 38447 | Snake:2  | Received a gift from Okawaru
 38608 | Snake:2  | Identified the ring "Jextan" {Wiz Str+2} (You took it off a naga sharpshooter on level 2 of the Snake Pit)
 38728 | Snake:3  | Reached skill level 8 in Dodging
 38795 | Snake:3  | Reached skill level 15 in Armour
 38976 | Snake:3  | Gained mutation: You have claws for feet. [demonic ancestry]
 38976 | Snake:3  | Reached XP level 18. HP: 149/149 MP: 24/24
 38977 | Snake:3  | --did Shoals just in time - lost flyboots!
 39114 | Snake:3  | Reached skill level 8 in Evocations
 39152 | Snake:3  | Found a sacrificial altar of Ru.
 39194 | Snake:3  | Noticed Vashnia
 39259 | Snake:3  | Killed Vashnia
 39259 | Snake:3  | Received a gift from Okawaru
 39273 | Snake:3  | Got a faintly glowing scale mail {god gift}
 39313 | Snake:2  | Identified the +5 scale mail of Lidghuw {rCorr MP+9 Int-4 Dex+9} (Okawaru gifted it to you on level 3 of the Snake Pit)
 39754 | Snake:3  | Found Dong's Weapon Emporium.
 40520 | Snake:4  | Entered Level 4 of the Snake Pit
 40622 | Snake:4  | Reached skill level 9 in Evocations
 40769 | Snake:4  | Reached skill level 9 in Dodging
 41933 | Snake:4  | Received a gift from Okawaru
 41973 | Snake:4  | Reached skill level 10 in Evocations
 42017 | Snake:4  | Reached skill level 1 in Stealth
 42145 | Snake:4  | Reached skill level 10 in Dodging
 42174 | Snake:4  | Reached skill level 2 in Stealth
 42317 | Snake:4  | Reached skill level 16 in Armour
 42360 | Snake:4  | Reached skill level 3 in Stealth
 42444 | Snake:4  | Reached skill level 1 in Spellcasting
 42474 | Snake:4  | Reached XP level 19. HP: 155/155 MP: 25/26
 42481 | Snake:4  | Reached skill level 2 in Spellcasting
 42526 | Snake:4  | Reached skill level 4 in Stealth
 42598 | Snake:4  | Got a serpentine rune of Zot
 42782 | Snake:1  | Reached skill level 3 in Spellcasting
 42932 | Lair:1   | Learned a level 1 spell: Apportation
 42934 | Lair:1   | Learned a level 1 spell: Summon Butterflies
 42937 | Lair:1   | Learned a level 2 spell: Repel Missiles
 42940 | Lair:1   | Learned a level 2 spell: Swiftness
 43043 | Vaults:1 | Entered Level 1 of the Vaults
 43253 | Vaults:1 | Reached skill level 1 in Summonings
 43255 | Vaults:1 | Reached skill level 5 in Stealth
 43394 | Vaults:1 | Reached skill level 2 in Summonings
 43434 | Vaults:1 | Found a magical portal.
 43465 | WizLab   | Entered The Roulette of Golubria
 43482 | WizLab   | Reached skill level 11 in Dodging
 43578 | WizLab   | Reached skill level 3 in Summonings
 43701 | WizLab   | Found a corrupted altar of Lugonu.
 44000 | WizLab   | Reached skill level 6 in Stealth
 44037 | WizLab   | Received a gift from Okawaru
 44144 | WizLab   | Learned a level 2 spell: Blink
 44186 | WizLab   | Found a corrupted altar of Lugonu.
 44191 | WizLab   | Got a smoking cloak
 44195 | WizLab   | Got a translucent cloak
 44254 | WizLab   | HP: 43/155 [eldritch tentacle (8)]
 44256 | WizLab   | HP: 19/155 [poisoned by an eldritch tentacle]
 44257 | WizLab   | HP: 7/155 [soul eater/drain life[an obsidian statue] (16)]
 44315 | WizLab   | Identified the +2 cloak "Bihoju" {rF+ rN+ Dex+5 Slay-4} (You found it in a wizard's laboratory)
 44325 | WizLab   | Identified the -5 cloak of Fortification {rC+ MR+ Str-4 Stlth+} (You found it in a wizard's laboratory)
 45057 | Vaults:1 | Reached skill level 1 in Translocations
 45374 | Vaults:1 | Reached skill level 7 in Stealth
 45554 | Vaults:1 | Reached skill level 2 in Translocations
 46072 | Vaults:1 | Received a gift from Okawaru
 46380 | Orc:2    | Bought a heavily runed plate armour for 924 gold pieces
 46390 | Orc:2    | Identified the +6 plate armour of Uschainlo {Str+5 Dex+4} (You bought it in a shop on level 2 of the Orcish Mines)
 46495 | Lair:1   | Learned a level 3 spell: Spectral Weapon
 46499 | Lair:1   | Learned a level 3 spell: Regeneration
 46687 | Vaults:2 | Reached skill level 3 in Translocations
 47004 | Vaults:2 | Reached skill level 8 in Stealth
 47179 | Vaults:2 | Noticed Aizul
 47193 | Vaults:2 | Killed Aizul
 47244 | Vaults:1 | Reached skill level 4 in Translocations
 47488 | Vaults:2 | Reached skill level 12 in Dodging
 47527 | Vaults:2 | Found a staircase to the Crypt.
 47730 | Vaults:2 | Reached XP level 20. HP: 162/162 MP: 27/27
 48531 | Vaults:3 | Reached skill level 9 in Stealth
 48554 | Vaults:3 | Reached skill level 5 in Translocations
 48636 | Vaults:3 | Received a gift from Okawaru
 49257 | Vaults:3 | Reached skill level 6 in Translocations
 49366 | Vaults:3 | Received a gift from Okawaru
 49828 | Vaults:3 | Reached skill level 10 in Stealth
 49957 | Vaults:4 | Reached skill level 7 in Translocations
 49959 | Vaults:4 | Reached skill level 13 in Dodging
 50312 | Vaults:4 | Found Beuheh's Magic Scroll Boutique.
 50403 | Vaults:4 | Reached skill level 8 in Translocations
 50511 | Vaults:4 | Received a gift from Okawaru
 50512 | Vaults:4 | Got a fine demon blade {god gift}
 50516 | Vaults:4 | Identified the +2 demon blade "Jarim" {pain, Int+4} (Okawaru gifted it to you on level 4 of the Vaults)
 50592 | Vaults:4 | HP: 48/162 [deep elf sorcerer/damnation[an ironheart preserver] (8)]
 51384 | Vaults:4 | Reached skill level 9 in Translocations
 51385 | Vaults:4 | Noticed Mennas
 51393 | Vaults:4 | Reached skill level 4 in Summonings
 51419 | Vaults:4 | Killed Mennas
 51419 | Vaults:4 | Received a gift from Okawaru
 51419 | Vaults:4 | Reached skill level 14 in Dodging
 51419 | Vaults:4 | Gained mutation: You are completely covered in molten scales (AC +4, EV -1, rF+). [demonic ancestry]
 51419 | Vaults:4 | Reached XP level 21. HP: 107/168 MP: 23/28
 51420 | Vaults:4 | Got a steaming dagger {god gift}
 51544 | Vaults:4 | Reached skill level 5 in Summonings
 51795 | Crypt:1  | Entered Level 1 of the Crypt
 52103 | Crypt:1  | Reached skill level 6 in Summonings
 52412 | Crypt:1  | Received a gift from Okawaru
 52710 | Crypt:1  | Got a pair of shimmering gloves
 52721 | Crypt:1  | Identified the +3 pair of gloves of the Armadillo {rElec Str+2} (You found it on level 1 of the Crypt)
 53017 | Crypt:2  | Reached skill level 7 in Summonings
 53600 | Crypt:2  | Reached skill level 8 in Summonings
 53665 | Crypt:2  | Noticed Xtahua
 53683 | Crypt:2  | Killed Xtahua
 53683 | Crypt:2  | Received a gift from Okawaru
 53683 | Crypt:2  | Reached skill level 1 in Charms
 53748 | Crypt:2  | Noticed Khufu
 53761 | Crypt:2  | Noticed a greater mummy
 53786 | Crypt:2  | Killed a greater mummy
 53786 | Crypt:2  | Reached skill level 15 in Dodging
 53786 | Crypt:2  | Reached skill level 2 in Charms
 53906 | Crypt:2  | Killed Khufu
 53906 | Crypt:2  | Reached skill level 3 in Charms
 54273 | Crypt:3  | Entered Level 3 of the Crypt
 54394 | Crypt:3  | Reached skill level 4 in Charms
 54760 | Crypt:3  | Found an ancient bone altar of Kikubaaqudgha.
 54798 | Crypt:3  | Reached skill level 5 in Charms
 55022 | Crypt:3  | Received a gift from Okawaru
 55052 | Crypt:3  | Reached skill level 6 in Charms
 55179 | Crypt:3  | Reached XP level 22. HP: 80/175 MP: 25/29
 55595 | Crypt:3  | Reached skill level 16 in Dodging
 55696 | Crypt:3  | Got a smoking bone ring
 55704 | Crypt:3  | Identified the ring of Ukufaoqa {rPois Int-5 SInv Stlth+} (You found it on level 3 of the Crypt)
 55760 | Crypt:3  | Reached skill level 7 in Charms
 55826 | Crypt:3  | Noticed Jory
 55848 | Crypt:3  | Reached skill level 1 in Air Magic
 56101 | Crypt:3  | HP: 46/175 [Jory/vampiric draining (14)]
 56103 | Crypt:3  | Killed Jory
 56104 | Crypt:3  | Found a staircase to the Tomb.
 56538 | Crypt:3  | Reached skill level 4 in Spellcasting
 56574 | Crypt:3  | Reached skill level 2 in Air Magic
 56637 | Crypt:3  | Got a translucent bone ring
 56639 | Crypt:3  | Identified the ring "Sogiarir" {rPois rF- MR+ Dex+2 Slay+2} (You found it on level 3 of the Crypt)
 56771 | Crypt:3  | Reached skill level 8 in Charms
 56991 | Crypt:3  | Identified Khufu's Guide on Evil (You found it on level 3 of the Crypt)
 57557 | Lair:1   | Upgraded the game from 0.18-a0-1702-gd20c6a5 to 0.18-a0-1718-g40ea4b6
 57637 | Elf:1    | Entered Level 1 of the Elven Halls
 57644 | Elf:1    | Received a gift from Okawaru
 57898 | Elf:1    | Found Omakojej's Antique Weapon Shop.
 58052 | Elf:1    | Noticed Frances
 58060 | Elf:1    | Killed Frances
 58247 | Elf:1    | Reached skill level 3 in Air Magic
 58263 | Elf:1    | Reached skill level 5 in Spellcasting
 58281 | Elf:1    | Reached skill level 9 in Charms
 58777 | Elf:1    | Reached skill level 4 in Air Magic
 59378 | Elf:2    | Found a runed gate.
 59378 | Elf:2    | Found a runed gate.
 59379 | Elf:2    | Found a runed gate.
 59506 | Elf:2    | Reached skill level 6 in Spellcasting
 59816 | Elf:2    | Reached skill level 10 in Charms
 59881 | Elf:2    | Reached skill level 1 in Hexes
 60035 | Elf:2    | Reached skill level 5 in Air Magic
 60128 | Elf:2    | Reached skill level 2 in Hexes
 60264 | Elf:3    | Entered Level 3 of the Elven Halls
 60385 | Elf:3    | Reached skill level 7 in Spellcasting
 61056 | Elf:3    | Reached skill level 3 in Hexes
 61125 | Elf:3    | Reached XP level 23. HP: 181/181 MP: 33/33
 61613 | Elf:3    | Reached skill level 4 in Hexes
 61815 | Elf:3    | Reached skill level 8 in Spellcasting
 61885 | Elf:3    | Reached skill level 5 in Hexes
 61901 | Elf:3    | Reached skill level 11 in Charms
 61949 | Elf:3    | Reached skill level 1 in Necromancy
 62281 | Elf:3    | Identified the Almanac of Good Luck and Sinister Rites (You found it on level 3 of the Elven Halls)
 62421 | Elf:3    | Reached skill level 2 in Necromancy
 62429 | Elf:3    | Got a scorched scale mail
 62678 | Orc:2    | Identified the +0 scale mail of Defiance {rF+ Stlth+} (You took it off a deep elf high priest on level 3 of the Elven Halls)
 62911 | Depths:1 | Entered Level 1 of the Depths
 62911 | Depths:1 | Noticed Asterion
 62911 | Depths:1 | Noticed ololoev's ghost (journeyman GrEE)
 62937 | D:15     | Killed Asterion
 62937 | D:15     | Reached skill level 6 in Hexes
 62937 | D:15     | Reached skill level 3 in Necromancy
 62955 | Depths:1 | Killed ololoev's ghost
 63197 | Depths:1 | Reached skill level 4 in Necromancy
 63667 | Depths:1 | Received a gift from Okawaru
 63784 | Depths:1 | Reached skill level 7 in Hexes
 63790 | Depths:1 | Reached skill level 5 in Necromancy
 63805 | Depths:1 | Found a bloodstained altar of Trog.
 64468 | Depths:2 | Reached skill level 6 in Necromancy
 64630 | Depths:2 | Reached skill level 8 in Hexes
 65126 | Depths:1 | Reached skill level 7 in Necromancy
 65480 | Depths:3 | Reached skill level 9 in Hexes
 65487 | Depths:3 | Found a one-way gate leading to the halls of Pandemonium.
 65525 | Depths:3 | Reached skill level 8 in Necromancy
 65715 | Depths:3 | Noticed Boris
 65725 | Depths:3 | Killed Boris
 65752 | Depths:3 | Reached skill level 9 in Necromancy
 65805 | Depths:3 | Noticed a caustic shrike
 65814 | Depths:3 | Killed a caustic shrike
 65814 | Depths:3 | Reached skill level 10 in Hexes
 65837 | Depths:3 | Gained mutation: You are completely attuned to the shadows. [demonic ancestry]
 65837 | Depths:3 | Reached XP level 24. HP: 177/188 MP: 26/35
 65971 | Depths:3 | Reached skill level 10 in Necromancy
 66077 | Depths:3 | Received a gift from Okawaru
 66184 | Depths:3 | Found a gateway to a ziggurat.
 66963 | Depths:1 | Reached skill level 11 in Necromancy
 67166 | Lair:1   | Learned a level 8 spell: Necromutation
 67172 | Lair:1   | Learned a level 5 spell: Aura of Abjuration
 67760 | Depths:4 | Reached skill level 9 in Spellcasting
 67760 | Depths:4 | Reached skill level 1 in Transmutations
 67904 | Depths:4 | Reached skill level 2 in Transmutations
 68091 | Depths:4 | Found a portal to a secret trove of treasure.
 68193 | Depths:4 | Found a one-way gate to the infinite horrors of the Abyss.
 68267 | Depths:4 | Reached skill level 3 in Transmutations
 68323 | Depths:4 | Got a twisted ring mail
 68598 | Depths:5 | Entered Level 5 of the Depths
 68832 | Depths:5 | Reached skill level 12 in Necromancy
 68869 | Depths:5 | Found a gate to the Realm of Zot.
 68884 | Depths:5 | Reached skill level 4 in Transmutations
 69106 | Depths:5 | Reached skill level 5 in Transmutations
 69111 | Depths:5 | Received a gift from Okawaru
 69544 | Depths:5 | Reached skill level 13 in Necromancy
 69549 | Depths:5 | Reached skill level 10 in Spellcasting
 69549 | Depths:5 | Reached skill level 6 in Transmutations
 70108 | Lair:1   | Identified the +5 ring mail of Sorcery {Int+4 Dex-3 SInv} (You found it on level 4 of the Depths)
 70374 | Vaults:5 | Entered Level 5 of the Vaults
 70443 | Vaults:4 | Reached skill level 7 in Transmutations
 70462 | Vaults:4 | Received a gift from Okawaru
 70476 | Vaults:4 | Reached XP level 25. HP: 194/194 MP: 37/37
 70549 | Vaults:4 | Reached skill level 14 in Necromancy
 70678 | Vaults:5 | Reached skill level 8 in Transmutations
 70724 | Vaults:5 | Got a silver rune of Zot
 70738 | Vaults:5 | Identified the Papyrus of Enchanting Transformation
 71030 | Vaults:5 | Found Nesch's Magic Scroll Emporium.
 71040 | Vaults:5 | HP: 52/194 [cyan very ugly thing (12)]
 71155 | Vaults:4 | Upgraded the game from 0.18-a0-1718-g40ea4b6 to 0.18-a0-1721-gc4d1f22
 71421 | Vaults:4 | Reached skill level 9 in Transmutations
 71443 | Vaults:5 | Reached skill level 15 in Necromancy
 71480 | Vaults:5 | Found Tat Ahor's Distillery.
 71528 | Vaults:5 | Reached skill level 11 in Spellcasting
 71553 | Vaults:5 | Received a gift from Okawaru
 71668 | Vaults:5 | Found Kobbou's Magic Scroll Shoppe.
 71680 | Vaults:5 | Bought a scroll of blinking for 135 gold pieces
 71680 | Vaults:5 | Bought a scroll of blinking for 135 gold pieces
 71700 | Vaults:5 | Got a shimmering plate armour
 71714 | Vaults:5 | Identified the cursed +1 plate armour of Philately {rPois} (You found it on level 5 of the Vaults)
 71814 | Vaults:5 | Got a polished scimitar {speed}
 71903 | Vaults:5 | Reached skill level 10 in Transmutations
 72027 | Vaults:5 | Got a slimy bone ring
 72048 | Vaults:5 | Identified the ring "Tilu" {Fire Fragile Str+7 Int+3} (You took it off a vault warden on level 5 of the Vaults)
 72103 | Vaults:5 | Identified the +6 scimitar "Huke" {speed, rElec rPois Str-2} (You took it off a deep elf high priest on level 5 of the Vaults)
 72484 | Vaults:5 | Got an uncursed shimmering scimitar {pain}
 72774 | Vaults:4 | Identified the +5 scimitar "Goblinslayer" {pain, *Noise Dex+5} (You took it off a yaktaur captain on level 5 of the Vaults)
 72807 | Vaults:3 | Reached skill level 11 in Transmutations
 73039 | Lair:1   | Got a warped scale mail
 73050 | Lair:1   | Identified the +4 scale mail of the Soldier {Regen+ Stlth+} (You acquired it on level 1 of the Lair of Beasts)
 73102 | Lair:1   | Identified the +2 dagger of the Equator {pierce, rF+ MP+9 Int+3} (Okawaru gifted it to you on level 4 of the Vaults)
 73208 | Slime:1  | Entered Level 1 of the Pits of Slime
 73478 | Lair:1   | Learned a level 3 spell: Portal Projectile
 73695 | Slime:5  | Received a gift from Okawaru
 73695 | Slime:5  | Reached skill level 16 in Necromancy
 73759 | Slime:5  | Gained mutation: You are immune to freezing clouds. [demonic ancestry]
 73759 | Slime:5  | Reached XP level 26. HP: 190/201 MP: 32/38
 73793 | Slime:6  | Entered Level 6 of the Pits of Slime
 73805 | Slime:6  | Gained mutation: You tend to lose your temper in combat. [a shining eye]
 73829 | Slime:6  | Reached skill level 12 in Transmutations
 73841 | Slime:6  | Found a viscous altar of Jiyva.
 73841 | Slime:6  | Noticed the Royal Jelly
 73866 | Slime:6  | Killed the Royal Jelly
 73866 | Slime:6  | Reached skill level 12 in Spellcasting
 73938 | Slime:6  | Got a slimy great sword
 73951 | Slime:6  | Learned a level 6 spell: Haste
 73972 | Slime:6  | Got a scorched helmet
 74013 | Slime:6  | Got a dazzling plate armour
 74019 | Slime:6  | Got a slimy rune of Zot
 74159 | Slime:6  | Identified the +11 great sword of Abomination {flame, rPois rN+ MR+} (You found it on level 6 of the Pits of Slime)
 74173 | Slime:6  | Got a coiled steel ring
 74182 | Slime:6  | Identified the ring "Qofumnig" {rCorr rN+ Int-4 Slay+3 Stlth+} (You found it on level 6 of the Pits of Slime)
 74214 | Slime:6  | Identified the +0 helmet of Oblivion {rF+ rC+ Dex+4} (You found it on level 6 of the Pits of Slime)
 74235 | Slime:6  | Identified the +1 plate armour of Abstinence {Dex+3 Slay+3} (You found it on level 6 of the Pits of Slime)
 74259 | Slime:6  | Identified a +7 rod of shadows (9/9) (You found it on level 6 of the Pits of Slime)
 74834 | Slime:4  | Gained mutation: You expend magic power (3 MP) to strengthen your wands. [a shining eye]
 74838 | Slime:4  | Lost mutation: You expend magic power (3 MP) to strengthen your wands. [potion of cure mutation]
 74838 | Slime:4  | Lost mutation: You tend to lose your temper in combat. [potion of cure mutation]
 75248 | Zot:1    | Entered Level 1 of the Realm of Zot
 75648 | Zot:1    | Reached skill level 13 in Transmutations
 75657 | Zot:1    | Received a gift from Okawaru
 76270 | Zot:1    | Reached skill level 17 in Necromancy
 76534 | Zot:2    | Reached skill level 14 in Transmutations
 76538 | Zot:2    | Reached skill level 13 in Spellcasting
 76956 | Zot:2    | Received a gift from Okawaru
 76957 | Zot:2    | Got a crystal great sword {god gift}
 76958 | Zot:2    | Identified the +3 great sword "Iciuhe Arau" {freeze, MR+ Str+4 Dex+2} (Okawaru gifted it to you on level 2 of the Realm of Zot)
 77584 | Zot:3    | Reached skill level 15 in Transmutations
 77670 | Zot:3    | Gained mutation: A frigid envelope surrounds you and freezes all who hurt you. [demonic ancestry]
 77670 | Zot:3    | Reached XP level 27. HP: 161/207 MP: 29/40
 77672 | Zot:3    | Reached skill level 18 in Necromancy
 79054 | Zot:4    | Received a gift from Okawaru
 79056 | Zot:4    | Reached skill level 19 in Necromancy
 79056 | Zot:4    | Reached skill level 16 in Transmutations
 79058 | Zot:4    | Got an ichor-stained triple sword {god gift}
 79059 | Zot:4    | Identified the +7 triple sword of Okawaru's Envy {speed, -Tele rPois Dex+3} (Okawaru gifted it to you on level 4 of the Realm of Zot)
 80257 | Depths:4 | Voluntarily entered the Abyss.
 80276 | Abyss:1  | Found a corrupted altar of Lugonu.
 80587 | Abyss:3  | Found a corrupted altar of Lugonu.
 80601 | Abyss:3  | Found a corrupted altar of Lugonu.
 80912 | Abyss:3  | HP: 56/207 [Hell Sentinel/damnation (30)]
 80918 | Abyss:3  | HP: 54/207 [starcursed mass/accursed screaming (6)]
 80975 | Depths:4 | Escaped the Abyss
 81002 | Depths:4 | Reached skill level 18 in Long Blades
 81087 | Depths:4 | Voluntarily entered the Abyss.
 81087 | Abyss:1  | Found a corrupted altar of Lugonu.
 81918 | Abyss:2  | Identified Manap's Reference Book on the Entourage
 82191 | Abyss:3  | Got an abyssal rune of Zot
 82195 | Abyss:3  | Paralysed by accursed screaming for 1 turns
 82335 | Abyss:3  | Reached skill level 20 in Necromancy
 82412 | Depths:4 | Escaped the Abyss
 82681 | Lair:1   | Learned a level 2 spell: Passwall
 82687 | Lair:1   | Learned a level 5 spell: Yara's Violent Unravelling
 82901 | Pan      | Entered Pandemonium
 82933 | Pan      | Reached skill level 17 in Transmutations
 82993 | Pan      | Received a gift from Okawaru
 83229 | Pan      | Found a runed door.
 83234 | Pan      | Found a runed door.
 83244 | Pan      | Found a runed door.
 83260 | Pan      | Found a runed door.
 83289 | Pan      | Noticed Fiucaq the pandemonium lord
 83317 | Pan      | Killed Fiucaq the pandemonium lord
 83360 | Pan      | Got a demonic rune of Zot
 83361 | Pan      | --wow first level of Pan and get the rune!
 83839 | Pan      | Got a faintly glowing chain mail
 83901 | Depths:3 | Escaped Pandemonium
 83913 | Depths:3 | Identified the cursed +1 chain mail of Pucosof {rElec} (You found it in Pandemonium)
 83943 | Pan      | Entered Pandemonium
 84106 | Pan      | Reached skill level 18 in Transmutations
 84411 | Pan      | Reached skill level 21 in Necromancy
 84574 | Pan      | Found a runed door.
 84593 | Pan      | Entered the realm of Gloorx Vloq.
 84723 | Pan      | Received a gift from Okawaru
 84725 | Pan      | Noticed Gloorx Vloq
 84927 | Pan      | Killed Gloorx Vloq
 84974 | Pan      | Got a dark rune of Zot
 85266 | Pan      | Reached skill level 19 in Transmutations
 85375 | Pan      | Found an exit through the horrors of the Abyss.
 85643 | Pan      | Noticed Leatour the pandemonium lord
 85659 | Pan      | Killed Leatour the pandemonium lord
 85659 | Pan      | Reached skill level 22 in Necromancy
 85686 | Pan      | Received a gift from Okawaru
 85766 | Pan      | Noticed Hymny the pandemonium lord
 85781 | Pan      | Killed Hymny the pandemonium lord
 85961 | Pan      | --...fabled Pandemonium Pizza! Well I *am* in Pan!
 85974 | Pan      | Noticed Medot the pandemonium lord
 85984 | Pan      | Killed Medot the pandemonium lord
 85984 | Pan      | Received a gift from Okawaru
 86024 | Pan      | Noticed Jedaigat the pandemonium lord
 86055 | Pan      | Killed Jedaigat the pandemonium lord
 86287 | Pan      | Reached skill level 23 in Necromancy
 86584 | Pan      | Found an exit through the horrors of the Abyss.
 86648 | Pan      | Noticed Detoucawk the pandemonium lord
 86675 | Pan      | Killed Detoucawk the pandemonium lord
 87014 | Pan      | Received a gift from Okawaru
 87229 | Pan      | Entered the realm of Mnoleg.
 87299 | Pan      | Found an exit through the horrors of the Abyss.
 87303 | Pan      | Gained mutation: Your body sometimes deteriorates upon taking damage. [a neqoxec]
 87348 | Pan      | Gained mutation: You tend to lose your temper in combat. [a neqoxec]
 87358 | Pan      | Gained mutation: Armour fits poorly on your strangely shaped body. [a cacodemon]
 87358 | Pan      | Gained mutation: You are frail (-10% HP). [a cacodemon]
 87371 | Pan      | Noticed Mnoleg
 87394 | Pan      | Killed Mnoleg
 87440 | Pan      | Reached skill level 20 in Transmutations
 87447 | Pan      | Reached skill level 24 in Necromancy
 87518 | Pan      | Reached skill level 19 in Long Blades
 87752 | Pan      | Gained mutation: You are dopey. (Int -2) [a cacodemon]
 87804 | Pan      | Gained mutation: You are very dopey. (Int -4) [a cacodemon]
 87848 | Pan      | Got a glowing rune of Zot
 87881 | Pan      | Gained mutation: Your magical capacity is low (-10% MP). [a neqoxec]
 87930 | Pan      | Lost mutation: Your body sometimes deteriorates upon taking damage. [potion of cure mutation]
 87930 | Pan      | Lost mutation: You are very dopey. (Int -4) [potion of cure mutation]
 87930 | Pan      | Lost mutation: You are frail (-10% HP). [potion of cure mutation]
 87930 | Pan      | Lost mutation: Your magical capacity is low (-10% MP). [potion of cure mutation]
 87930 | Pan      | Lost mutation: You are dopey. (Int -2) [potion of cure mutation]
 87990 | Pan      | Noticed Buckuera the pandemonium lord
 88037 | Pan      | Lost mutation: You tend to lose your temper in combat. [potion of cure mutation]
 88037 | Pan      | Lost mutation: Armour fits poorly on your strangely shaped body. [potion of cure mutation]
 88165 | Pan      | Killed Buckuera the pandemonium lord
 88431 | Pan      | Reached skill level 17 in Armour
 88641 | Pan      | Received a gift from Okawaru
 88648 | Pan      | Gained mutation: You are frail (-10% HP). [a neqoxec]
 88803 | Pan      | Entered the realm of Cerebov.
 89689 | Pan      | Got a slimy pewter ring
 89699 | Pan      | Got a shimmering plate armour
 89712 | Pan      | Identified the +10 plate armour of Levity {rF+} (You found it in Pandemonium)
 89714 | Pan      | Got a bloodstained crystal plate armour
 89725 | Pan      | Identified the +3 crystal plate armour "Xirchauf" {rPois rC- Dex+2} (You found it in Pandemonium)
 89765 | Pan      | Identified the ring of Ecsaotz {+Fly rPois rF+} (You found it in Pandemonium)
 89862 | Pan      | Received a gift from Okawaru
 89862 | Pan      | Reached skill level 18 in Armour
 89872 | Pan      | Noticed Cerebov
 89886 | Pan      | HP: 37/186 [Cerebov/great blast of fire (27)]
 90105 | Pan      | HP: 53/186 [reaper/scythe of flaming (16)]
 90113 | Pan      | HP: 46/186 [infernal demonspawn/glaive (4)]
 90493 | Pan      | Killed Cerebov
 90525 | Pan      | Got a fiery rune of Zot
 90714 | Pan      | Entered the realm of Lom Lobon.
 90816 | Pan      | Reached skill level 20 in Long Blades
 91160 | Pan      | Reached skill level 19 in Armour
 91535 | Pan      | Received a gift from Okawaru
 91541 | Pan      | Got a transparent hat {god gift}
 91552 | Pan      | Identified the +2 hat of the Harvest Moon {rN+ MR+ SInv} (Okawaru gifted it to you in Pandemonium)
 91586 | Pan      | Noticed Lom Lobon
 91611 | Pan      | Killed Lom Lobon
 91616 | Pan      | --Hmm that was easier than I feared...
 91628 | Pan      | Got a magical rune of Zot
 91948 | Pan      | Found an exit through the horrors of the Abyss.
 91954 | Pan      | Took an exit into the Abyss.
 91954 | Abyss:1  | Escaped into the Abyss
 91989 | Abyss:1  | Reached skill level 20 in Armour
 91992 | Abyss:1  | Noticed an ancient lich
 91997 | Abyss:1  | Killed an ancient lich
 92067 | Depths:3 | Escaped the Abyss
 92275 | Lair:1   | Got a pair of brightly glowing gloves
 92286 | Lair:1   | Identified the +0 pair of gloves of Immoplu {rCorr Dex+3 Stlth+} (You acquired it on level 1 of the Lair of Beasts)
 92395 | Lair:1   | Lost mutation: You are frail (-10% HP). [potion of cure mutation]
 92565 | Hell     | Entered the Vestibule of Hell
 92661 | Hell     | Noticed Geryon
 92872 | Hell     | Killed Geryon
 92987 | Hell     | Found a gateway to the Iron City of Dis.
 93137 | Hell     | Noticed an ancient lich
 93145 | Hell     | Killed an ancient lich
 93151 | Hell     | Reached skill level 21 in Armour
 93158 | Hell     | Found a gateway to the ashen valley of Gehenna.
 93235 | Hell     | Found a gateway to the decaying netherworld of Tartarus.
 93370 | Hell     | Found a gateway to the freezing wastes of Cocytus.
 93568 | Dis:1    | Entered Level 1 of the Iron City of Dis
 94151 | Dis:4    | Received a gift from Okawaru
 94457 | Dis:4    | Reached skill level 22 in Armour
 94556 | Dis:4    | HP: 52/207 [??? (36)]
 94941 | Dis:4    | Found a burning altar of Makhleb.
 95325 | Dis:5    | HP: 51/210 [fire giant/bolt of fire[an iron giant] (15)]
 95327 | Dis:5    | Received a gift from Okawaru
 95342 | Dis:5    | HP: 60/210 [dire elephant skeleton (5)]
 95347 | Dis:5    | HP: 54/210 [frost giant/battleaxe of freezing[an iron giant] (4)]
 95701 | Dis:5    | Reached skill level 16 in Fighting
 95997 | Dis:6    | Reached skill level 17 in Dodging
 96161 | Dis:7    | Entered Level 7 of the Iron City of Dis
 96566 | Dis:7    | HP: 62/213 [stone giant[the effects of Hell] (8)]
 96728 | Dis:7    | Received a gift from Okawaru
 96751 | Dis:7    | Reached skill level 17 in Fighting
 97092 | Dis:7    | Reached skill level 18 in Dodging
 97188 | Dis:7    | Got a bloodstained plate armour
 97217 | Dis:7    | Identified the Compendium of Lightness and Intoxication
 97338 | Dis:7    | Received a gift from Okawaru
 97356 | Dis:7    | Got a pair of faintly glowing gloves {god gift}
 97374 | Dis:7    | Identified the +0 pair of gloves "Qasienk" {Int+4} (Okawaru gifted it to you on level 7 of the Iron City of Dis)
 97564 | Dis:7    | Reached skill level 18 in Fighting
 97643 | Dis:7    | HP: 62/217 [reaper/scythe of flaming (25)]
 97650 | Dis:7    | HP: 33/217 [something (27)]
 97667 | Dis:7    | HP: 62/217 [reaper/scythe of venom (3)]
 97698 | Dis:7    | HP: 52/218 [reaper/scythe of protection (22)]
 97709 | Dis:7    | HP: 40/218 [reaper/scythe of flaming (6)]
 98209 | Dis:7    | HP: 62/219 [Hell Sentinel/damnation (28)]
 98215 | Dis:7    | HP: 34/219 [Hell Sentinel/damnation (29)]
 98605 | Dis:7    | Reached skill level 19 in Dodging
 98756 | Dis:7    | Reached skill level 19 in Fighting
 98789 | Dis:7    | Received a gift from Okawaru
 98808 | Dis:7    | Noticed Dispater
 98841 | Dis:7    | Killed Dispater
 98860 | Dis:7    | Got an iron rune of Zot
 99232 | Lair:1   | Identified the cursed +0 plate armour "Zaomif" {rF+ MR++ Str-3 Stlth+} (You took it off an iron imp on level 7 of the Iron City of Dis)
 99438 | Coc:1    | Entered Level 1 of Cocytus
100285 | Coc:3    | Received a gift from Okawaru
100569 | Coc:3    | Reached skill level 12 in Charms
100570 | Coc:3    | Upgraded the game from 0.18-a0-1721-gc4d1f22 to 0.18-a0-1730-g73f0523
100724 | Coc:5    | Reached skill level 20 in Fighting
100726 | Coc:5    | Reached skill level 20 in Dodging
101150 | Coc:7    | Entered Level 7 of Cocytus
101346 | Coc:7    | Received a gift from Okawaru
101497 | Coc:7    | Reached skill level 13 in Charms
102048 | Coc:7    | Reached skill level 9 in Summonings
102287 | Coc:7    | Received a gift from Okawaru
102411 | Coc:7    | Reached skill level 21 in Fighting
102411 | Coc:7    | Reached skill level 10 in Summonings
102529 | Coc:7    | Reached skill level 21 in Dodging
102848 | Coc:7    | NooMaa: Oaiiiis vas y Gorice tu es une Staaaaaaaarrrrr !!
102860 | Coc:7    | Noticed Antaeus
102876 | Coc:7    | NooMaa: Pete lui sa reum !
102902 | Coc:7    | Killed Antaeus
102961 | Coc:7    | Got a heavily runed lapis lazuli ring
102963 | Coc:7    | Got an icy rune of Zot
102981 | Coc:7    | Got a scintillating jade ring
103001 | Coc:7    | NooMaa: T'as tout défoncé sa race !
103001 | Coc:7    | Gorice: I'm afraid I don't speak French that well
103035 | Coc:7    | NooMaa: oh sorry ... i was just telling you rocks
103068 | Coc:7    | NooMaa: kick all of their stinking little butts !
103068 | Coc:7    | Gorice: Thanks!
103068 | Coc:7    | Gorice: Heh, yeah, I guess it would be rude
103068 | Coc:7    | Gorice: not to kill every dude!
103162 | Hell     | NooMaa: Dcss is just the best RL ever
103162 | Hell     | Gorice: It's certainly very addictive!
103164 | Hell     | Identified the ring of Spontaneous Combustion {*Drain +Fly rPois SInv} (You found it on level 7 of Cocytus)
103166 | Hell     | Identified the ring "Icla" {rC- rN+ Str+4 Int+3 Dex+3} (You found it on level 7 of Cocytus)
103167 | Hell     | NooMaa: Have fun ! Bye !
103167 | Hell     | Gorice: thx
103472 | D:6      | Bought a scroll of enchant armour for 75 gold pieces
103545 | D:9      | Bought a scroll of enchant armour for 112 gold pieces
103616 | D:10     | Bought a scroll of enchant armour for 90 gold pieces
103938 | Depths:4 | You paid a toll of a +3 gold dragon armour to enter a treasure trove
103939 | Trove    | Entered a treasure trove
103947 | Trove    | Got a twisted triple sword
103979 | Trove    | Got a fine scimitar
103995 | Trove    | Identified the +1 triple sword "Izuywn" {drain, rF+} (You found it in a treasure trove)
103996 | Trove    | Identified the +10 scimitar of Moru {flame, -Tele Str+3 Dex+2} (You found it in a treasure trove)
104585 | Geh:1    | Entered Level 1 of Gehenna
104734 | Geh:1    | Received a gift from Okawaru
104924 | Geh:1    | Reached skill level 14 in Charms
105412 | Geh:3    | Cast into level 2 of the Abyss (reaper)
105488 | Abyss:2  | Found an opulent altar of Gozag.
105643 | Abyss:2  | Reached skill level 22 in Fighting
105765 | Abyss:2  | Found a corrupted altar of Lugonu.
105773 | Geh:3    | Escaped the Abyss
106260 | Geh:6    | Reached skill level 22 in Dodging
106436 | Geh:7    | Entered Level 7 of Gehenna
106884 | Geh:7    | Noticed the Serpent of Hell
106926 | Geh:7    | Killed the Serpent of Hell
106926 | Geh:7    | Reached skill level 11 in Evocations
107029 | Geh:7    | Received a gift from Okawaru
107234 | Geh:7    | Noticed Asmodeus
107272 | Geh:7    | Reached skill level 12 in Evocations
107327 | Geh:7    | Killed Asmodeus
107327 | Geh:7    | Reached skill level 21 in Long Blades
107368 | Geh:7    | Got an obsidian rune of Zot
107605 | Tar:1    | Entered Level 1 of Tartarus
107830 | Tar:1    | Reached skill level 13 in Evocations
108253 | Tar:2    | Received a gift from Okawaru
108716 | Tar:2    | Gained mutation: Scrolls take you a little longer to read. [mutagenic glow]
108947 | Tar:2    | Reached skill level 14 in Evocations
109119 | Tar:3    | Reached skill level 15 in Charms
109672 | Tar:7    | Entered Level 7 of Tartarus
109739 | Hell     | HP: 63/230 [Tzitzimitl/dispel undead[a doom hound] (31)]
110050 | Hell     | Reached skill level 15 in Evocations
110233 | Tar:4    | Reached skill level 1 in Throwing
110329 | Tar:5    | Reached skill level 2 in Throwing
110372 | Tar:5    | Reached skill level 14 in Spellcasting
110485 | Tar:6    | Reached skill level 3 in Throwing
110522 | Tar:6    | Received a gift from Okawaru
110632 | Tar:6    | Reached skill level 4 in Throwing
110935 | Tar:7    | Reached skill level 5 in Throwing
111127 | Tar:7    | Reached skill level 6 in Throwing
111274 | Tar:7    | Reached skill level 15 in Spellcasting
111421 | Tar:7    | Reached skill level 7 in Throwing
111735 | Tar:7    | Noticed Ereshkigal
111799 | Tar:7    | Killed Ereshkigal
111799 | Tar:7    | Reached skill level 8 in Throwing
111826 | Tar:7    | HP: 42/230 [??? (29)]
111841 | Tar:7    | HP: 37/230 [ice devil[a shadow demon] (9)]
111954 | Tar:7    | Got a bone rune of Zot
111983 | Tar:7    | Reached skill level 9 in Throwing
112759 | Tomb:1   | Entered Level 1 of the Tomb of the Ancients
112781 | Tomb:1   | Reached skill level 16 in Spellcasting
112784 | Tomb:1   | incide: holy crap this triplesword
112784 | Tomb:1   | incide: if only no -tele
112784 | Tomb:1   | Gorice: Yes pretty good
112784 | Tomb:1   | Gorice: -tele not too bad on a weapon as you can always
112784 | Tomb:1   | Gorice: swap
112784 | Tomb:1   | incide: ye
112941 | Tomb:1   | Received a gift from Okawaru
112995 | Tomb:1   | Noticed a greater mummy
113013 | Tomb:1   | Killed a greater mummy
113013 | Tomb:1   | Reached skill level 11 in Summonings
113041 | Tomb:1   | Noticed a greater mummy
113051 | Tomb:1   | Killed a greater mummy
113051 | Tomb:1   | Reached skill level 10 in Throwing
113091 | Tomb:1   | Noticed an ancient lich
113101 | Tomb:1   | Killed an ancient lich
113187 | Tomb:1   | Received a gift from Okawaru
113192 | Tomb:1   | Noticed a greater mummy
113206 | Tomb:1   | Killed a greater mummy
113264 | Tomb:1   | Reached skill level 12 in Summonings
113290 | Tomb:1   | Identified the Collected Works on the Oath and the Mountains
113304 | Tomb:2   | Noticed a greater mummy
113305 | Tomb:2   | Noticed a greater mummy
113312 | Tomb:2   | Noticed an ancient lich
113328 | Tomb:1   | Killed a greater mummy
113333 | Tomb:1   | Killed a greater mummy
113393 | Tomb:1   | Killed an ancient lich
113393 | Tomb:1   | Reached skill level 17 in Spellcasting
113475 | Tomb:2   | Noticed a greater mummy
113486 | Tomb:2   | Killed a greater mummy
113609 | Tomb:2   | Reached skill level 13 in Summonings
113803 | Tomb:1   | Noticed a greater mummy
113825 | Tomb:1   | Noticed a greater mummy
113834 | Tomb:1   | Killed a greater mummy
113834 | Tomb:1   | Reached skill level 10 in Translocations
113846 | Tomb:1   | Killed a greater mummy
113847 | Tomb:1   | Noticed a greater mummy
113862 | Tomb:1   | Killed a greater mummy
113935 | Tomb:1   | Noticed a greater mummy
113936 | Tomb:1   | Noticed a greater mummy
113944 | Tomb:1   | Killed a greater mummy
113950 | Tomb:1   | Killed a greater mummy
113992 | Tomb:1   | Noticed a greater mummy
113996 | Tomb:1   | Killed a greater mummy
113998 | Tomb:1   | Noticed a greater mummy
113998 | Tomb:1   | Noticed a greater mummy
114001 | Tomb:1   | Noticed a greater mummy
114006 | Tomb:1   | Noticed a greater mummy
114010 | Tomb:1   | Noticed a greater mummy
114011 | Tomb:1   | Noticed a greater mummy
114012 | Tomb:1   | Killed a greater mummy
114012 | Tomb:1   | Received a gift from Okawaru
114025 | Tomb:1   | Killed a greater mummy
114025 | Tomb:1   | Reached skill level 14 in Summonings
114025 | Tomb:1   | Reached skill level 11 in Translocations
114032 | Tomb:1   | Killed a greater mummy
114046 | Tomb:1   | Killed a greater mummy
114046 | Tomb:1   | Received a gift from Okawaru
114053 | Tomb:1   | Killed a greater mummy
114062 | Tomb:1   | Killed a greater mummy
114194 | Tomb:3   | Entered Level 3 of the Tomb of the Ancients
114215 | Tomb:2   | Received a gift from Okawaru
114216 | Tomb:2   | Got a distressingly furry buckler {god gift}
114275 | Tomb:3   | Reached skill level 12 in Translocations
114291 | Tomb:2   | Reached skill level 15 in Summonings
114415 | Tomb:2   | Reached skill level 22 in Long Blades
114435 | Tomb:3   | Noticed a greater mummy
114445 | Tomb:3   | Killed a greater mummy
114463 | Tomb:3   | Noticed an ancient lich
114469 | Tomb:3   | Killed an ancient lich
114515 | Tomb:3   | Noticed a greater mummy
114517 | Tomb:3   | Noticed a greater mummy
114519 | Tomb:3   | Noticed a greater mummy
114535 | Tomb:3   | Killed a greater mummy
114535 | Tomb:3   | Reached skill level 13 in Translocations
114548 | Tomb:3   | Killed a greater mummy
114550 | Tomb:3   | Noticed a greater mummy
114550 | Tomb:3   | Noticed a greater mummy
114556 | Tomb:3   | Noticed a greater mummy
114560 | Tomb:3   | Killed a greater mummy
114610 | Tomb:2   | Lost mutation: Scrolls take you a little longer to read. [potion of cure mutation]
114820 | Tomb:3   | Killed a greater mummy
114820 | Tomb:3   | Received a gift from Okawaru
114845 | Tomb:3   | Killed a greater mummy
114864 | Tomb:3   | Killed a greater mummy
115044 | Tomb:3   | Got a golden rune of Zot
115069 | Tomb:3   | incide: magical tomb pizza
115071 | Tomb:3   | Gorice: Yeah, you've gotta wonder what pizza that's been
115071 | Tomb:3   | Gorice: sitting in a tomb for ~4000 years tastes like!
115161 | Tomb:3   | Identified a +0 rod of inaccuracy (11/11) (You found it on level 3 of the Tomb of the Ancients)
115164 | Tomb:3   | Got a pair of transparent gloves
115175 | Tomb:3   | Identified the +1 pair of gloves of Votoponast {*Contam *Corrode +Inv rElec} (You found it on level 3 of the Tomb of the Ancients)
115190 | Tomb:3   | Got a fine ivory ring
115214 | Tomb:3   | Noticed a greater mummy
115226 | Tomb:3   | Killed a greater mummy
115226 | Tomb:3   | Received a gift from Okawaru
115229 | Tomb:3   | Identified the ring "Zowes" {rC+ Dex+4} (You found it on level 3 of the Tomb of the Ancients)
115233 | Tomb:3   | Got a fine plate armour {god gift}
115244 | Tomb:3   | Identified the +5 plate armour "Lodaim" {Int+2 Slay+3} (Okawaru gifted it to you on level 3 of the Tomb of the Ancients)
115294 | Tomb:3   | Identified the Catalogue of the Dusty Traveller
115300 | Tomb:3   | Learned a level 4 spell: Passage of Golubria
115306 | Tomb:3   | Identified Sif Muna's Papyrus of Doomed Conjuration (You found it on level 3 of the Tomb of the Ancients)
115313 | Tomb:3   | Learned a level 5 spell: Dispel Undead
115331 | Tomb:3   | Identified Sif Muna's Almanac of Lucky Snow (You found it on level 3 of the Tomb of the Ancients)
115615 | Tomb:2   | Cast into level 5 of the Abyss (a Zot trap)
115615 | Abyss:5  | Entered Level 5 of the Abyss
115629 | Tomb:2   | Escaped the Abyss
115968 | Lair:1   | Gorice: OK that's it for now, got to go and do some stuff...
115968 | Lair:1   | incide: c ya
116333 | Zot:5    | Entered Level 5 of the Realm of Zot
116936 | Zot:5    | Noticed an ancient lich
116949 | Zot:5    | Noticed an orb of fire
117044 | Zot:5    | Killed an orb of fire
117044 | Zot:5    | Reached skill level 23 in Long Blades
117093 | Zot:5    | Noticed an ancient lich
117103 | Zot:5    | Killed an ancient lich
117103 | Zot:5    | Reached skill level 16 in Charms
117112 | Zot:5    | Noticed an ancient lich
117138 | Zot:5    | Killed an ancient lich
117200 | Zot:5    | Noticed an orb of fire
117200 | Zot:5    | Noticed an ancient lich
117205 | Zot:5    | Gained mutation: Scrolls take you a little longer to read. [an orb of fire]
117217 | Zot:5    | Killed an orb of fire
117228 | Zot:5    | Killed an ancient lich
117281 | Zot:5    | Noticed an ancient lich
117290 | Zot:5    | Killed an ancient lich
117305 | Zot:5    | Received a gift from Okawaru
117376 | Zot:5    | Lost mutation: Scrolls take you a little longer to read. [potion of cure mutation]
117377 | Zot:5    | Noticed an ancient lich
117386 | Zot:5    | Killed an ancient lich
117468 | Zot:5    | Noticed an ancient lich
117477 | Zot:5    | Killed an ancient lich
117477 | Zot:5    | Received a gift from Okawaru
117482 | Zot:5    | Noticed an orb of fire
117486 | Zot:5    | Gained mutation: You tend to lose your temper in combat. [an orb of fire]
117491 | Zot:5    | Killed an orb of fire
117496 | Zot:5    | Got an ancient fire dragon armour {god gift}
117498 | Zot:5    | Noticed an orb of fire
117498 | Zot:5    | Gained mutation: Scrolls take you a little longer to read. [an orb of fire]
117502 | Zot:5    | Gained mutation: You are dopey. (Int -2) [an orb of fire]
117516 | Zot:5    | Killed an orb of fire
117516 | Zot:5    | Reached skill level 17 in Charms
117551 | Zot:4    | Lost mutation: Scrolls take you a little longer to read. [potion of cure mutation]
117551 | Zot:4    | Lost mutation: You are dopey. (Int -2) [potion of cure mutation]
117551 | Zot:4    | Lost mutation: You tend to lose your temper in combat. [potion of cure mutation]
117562 | Zot:4    | Identified the +1 fire dragon armour of Least Resistance {rF++ rC- Str+3 Int+2} (Okawaru gifted it to you on level 5 of the Realm of Zot)
117682 | Zot:5    | Noticed an ancient lich
117706 | Zot:5    | Killed an ancient lich
117799 | Zot:5    | Reached skill level 24 in Long Blades
117840 | Zot:5    | Got the Orb of Zot
118640 | D:1      | --hmm remarkably quite orb run
118640 | D:1      | --no pan lords!
118641 | D:$      | Escaped with the Orb!

Vault maps used:
D:1:      saegor_arrival_simple_b
D:2:      first_bread, fedhas_altar_4
D:3:      cheibriados_altar_1, grunt_decor_arrowhead, uniq_jessica
D:4:      serial_shops, nicolae_shop_crystal, lemuel_statue_altar,
          uniq_blork_the_orc
D:5:      lemuel_upstairs_altar, okawaru_trees_1,
          gammafunk_temple_overflow_statue, johnstein_pakellas_shop
D:6:      nicolae_dithmenos_the_darkroom, serial_shops, shop, shop, shop,
          minmay_misc_feat_encased
D:7:      kiku_gazebo_pond_becter, nicolae_ru_sacrificial_ziggurat,
          minmay_temple_entry_glassed_door, serial_shops, shop,
          uniq_crazy_yiuf_cottage
D:8:      serial_corexii_hall, corexii_hall_statues_i, corexii_hall_statues_s
D:9:      kennysheep_little_box, minmay_overflow_temple_star_quad, orc_0_dummy,
          serial_shops, kennysheep_mini_moat
D:10:     grunt_lair_entry_orc_guard_hut, serial_shops, shop, elyvilon_altar_5
D:11:     hangedman_tell_no_tales
D:12:     serial_shops, shop
D:13:     lightli_wizard_tower
D:14:     lightli_vaults_fourway_checkpoint, serial_shops, bzr_entry_customers,
          spider_trap, uniq_agnes
D:15:     hangedman_depths_entry_try_elsewhere_first, columned_hall_lemuel,
          uniq_azrael, uniq_louise
Temple:   nicolae_temple_great_sept
Lair:2:   grunt_forest_large_clearing_hut, uniq_sonja
Lair:3:   lab_entry_generic, basic_altar, nicolae_lair_grove_arrangements,
          uniq_urug
Lair:4:   kennysheep_rathole, minmay_snake_entry_guardpost_small,
          beast_lair_carwin_8
Lair:5:   elwin_shoals_entry_rocks, eino_small_chamber_without_monster,
          grunt_forest_large_clearings, lemuel_fruit_tree, grunt_megastairs_5
Lair:6:   minmay_slime_entry_jelly_boxes, minmay_another_anthill,
          grunt_megastairs_4
Lair:7:   portal_ice_cave_entry_animals_and_master, uniq_josephine, uniq_kirke
Lair:8:   evil_forest, serial_bayou_pond_a
Shoals:3: nicolae_shoals_circle_sea_wall
Shoals:4: shoals_end_grunt_garden, shoals_ilsuiw_alternative,
          nicolae_shoals_dead_sea_scrolls
Snake:1:  serial_shops, shop, grunt_megastairs_2
Snake:2:  uniq_donald
Snake:3:  basic_altar, serial_shops, shop, spider_trap, uniq_vashnia
Snake:4:  snake_pit_salamanders_mu, hangedman_snake_pattern
Slime:5:  nicolae_slime_round_cave
Orc:1:    basic_altar
Orc:2:    st_orc_rangers, basic_altar, uniq_maurice, uniq_saint_roka
Elf:1:    serial_shops, shop, orc_legates, uniq_frances
Elf:2:    minivault_27, nicolae_elf_v_pinch
Elf:3:    minmay_elf_hall_spiked, corner_web_ring
Vaults:1: v_misc_4, hangedman_vaults_locks, vaults_room_door_hall,
          vaults_room_grid, mu_enter_wizlab_4
Vaults:2: v_misc_15, v_misc_11, minmay_crypt_entry_simple_plaza, v_misc_11,
          ontoclasm_vaults_twist, stair_cage_open, v_misc_18,
          nicolae_vaults_what_the_h, nicolae_vaults_little_squares_4, v_misc_24,
          v_misc_27, ontoclasm_vaults_ligature, nicolae_vaults_border_crossing,
          nicolae_vaults_shelves_hall, uniq_aizul
Vaults:3: v_alt_pattern_2, hangedman_vaults_hat, v_misc_9,
          nicolae_vaults_shelves_hall, nicolae_vaults_little_squares_3,
          dpeg_vaults_monster_row, vaults_room_corners,
          hangedman_vaults_capsules, ontoclasm_vaults_fault
Vaults:4: hangedman_vaults_stagger, ontoclasm_vaults_idyll, vaults_room_grid,
          grunt_vaults_hallway_short, vaults_room_pools, v_alt_pattern_1,
          grunt_vaults_hallway_short, st_cross, nicolae_vaults_asterisk,
          ontoclasm_vaults_pinch, vaults_room_hallway,
          nicolae_vaults_stairing_the_circle, grunt_vaults_twisty,
          ontoclasm_vaults_eye, serial_shops, nicolae_shop_stone, uniq_mennas
Vaults:5: uniq_jory
Crypt:1:  st_stairs_4, grunt_crypt_arrival_webbed
Crypt:2:  uniq_xtahua, uniq_khufu
Crypt:3:  grunt_crypt_end_deaths_head
Depths:1: pf_hell_entry_tar_spiral, abandoned_shop,
          evilmike_spriggan_trog_shrine, uniq_asterion
Depths:2: onia_ninara_swampy_vault, hell_entry, minivault_16, kennysheep_dice,
          infiniplex_staircase_zigzag_4, firewood_loft
Depths:3: minmay_octo_star, enter_ziggurat_d, rand_demon_pan_entry_5,
          pf_dread_powers_of_hell, lemuel_nasty_fountain,
          infiniplex_staircase_zigzag_2, uniq_boris
Depths:4: kennysheep_oblong_rooms, abyss_entry, corexii_hall_statues_t,
          hangedman_coc_ice_floe, trove_entry_hex_spiral, grunt_ministairs_4
Depths:5: grunt_x_marks_the_spot, hangedman_decor_peaks_small, abyss_entry,
          grunt_mini_vestibule, rand_demon_pan_entry_7
Dis:2:    lemuel_elevator
Dis:4:    kennysheep_iron_temple
Dis:6:    hangedman_dis_decor_tower
Dis:7:    dis_st
Geh:7:    evilmike_geh
Coc:7:    coc_grunt
Tar:1:    hangedman_snap_crack_crunch
Tar:3:    nicolae_tar_cuneiform_three
Tar:6:    nicolae_tar_cuneiform_to_be
Tar:7:    tar_mu
Zot:2:    grunt_twist_and_shout
Zot:4:    bh_zot_levy_curve, grunt_megastairs_3
Abyss:1:  bh_abyss_exit_spiral
Abyss:3:  bh_abyss_exit_grid
Abyss:5:  hangedman_summoners_spam, guppyfry_abyss_exit_glass_guarded,
          serial_sigils_hangedman_snap
Pan:      rand_demon_7, pan_blood_fountain_small, grunt_pan_pentagram,
          evilmike_mini_pan_thingy, grunt_pan_in_and_out, pan_blood_fountain,
          evilmike_mini_pan_corridor, evilmike_mini_pan_doors_b,
          evilmike_mini_pan_rooms, nicolae_pan_lom_lobonic_2,
          nicolae_pan_sigil_itan, nicolae_pan_giant_door,
          pan_blood_fountain_small, nicolae_pan_cerebovesque_4, rand_demon_9,
          gloorx_vloq_grunt_torture_chamber, evilmike_mini_pan_corner,
          nicolae_pan_gloorx_vloqian_3, rand_demon_6, grunt_pan_in_and_out,
          nicolae_pan_sigil_uleosi, rand_demon_3, pan_blood_fountain_2,
          pan_blood_fountain, evilmike_holy_pan, evilmike_mini_pan_diamond,
          nicolae_pan_hourglass, nicolae_pan_cerebovesque_1,
          mnoleg_grunt_wretched_star, grunt_pan_frozen_over,
          pan_blood_fountain_small, nicolae_pan_cerebovesque_1,
          evilmike_mini_pan_pillars, cerebov_st, nicolae_pan_sigil_uleosi,
          nicolae_pan_lom_lobonic_1, lom_lobon_grunt, pan_blood_fountain_small,
          pan_blood_fountain, grunt_pan_spiral, pan_blood_fountain,
          pan_blood_fountain_2, nicolae_pan_mnolegish_5
Lab:      labyrinth_watery, labyrinth_skeletal_remains, nicolae_lab_swirl,
          lab_fountain, nicolae_lab_hexagon, lab_hedge, nicolae_lab_stuck,
          nicolae_lab_very_dead_end
Bazaar:   bazaar_kb_twisted_cavern
Trove:    trove_simple
IceCv:    ice_cave_small_necro
WizLab:   wizlab_golubria

Skill      XL: |  1  2  3  4  5  6  7  8  9 10 11 12 13 14 15 16 17 18 19 20 21 22 23 24 25 26 27 |
---------------+----------------------------------------------------------------------------------+-----
Short Blades   | 1 2 3 4 |  4.1
Fighting       | 2 3 4 5 7 8 10 12 13 15 22 | 22.1
Long Blades    | 2 4 7 9 11 12 14 15 16 17 24 | 24.1
Armour         | 3 5 7 9 10 12 13 14 15 16 22 | 22.0
Invocations    | 4 7 8 |  8.5
Dodging        | 5 8 10 12 14 15 16 22 | 22.0
Evocations     | 7 10 15 | 15.0
Stealth        | 3 8 10 | 10.0
Spellcasting   | 1 3 7 8 10 11 13 17 | 17.0
Summonings     | 3 4 8 15 | 15.1
Translocations | 4 9 13 | 13.8
Charms         | 6 10 11 17 | 17.8
Air Magic      | 5 |  5.0
Hexes          | 3 10 | 10.0
Necromancy     | 9 13 16 17 24 | 24.0
Transmutations | 7 11 15 20 | 20.0
Throwing       | 10 | 10.0

Action                   |  1- 3 |  4- 6 |  7- 9 | 10-12 | 13-15 | 16-18 | 19-21 | 22-24 | 25-27 || total
-------------------------+-------+-------+-------+-------+-------+-------+-------+-------+-------++-------
Melee: Dagger            |    60 |   101 |    63 |    21 |       |       |       |       |    49 ||   294
       Short sword       |    13 |       |    71 |       |    12 |       |       |       |       ||    96
       Falchion          |       |       |    27 |       |       |       |       |       |       ||    27
       Long sword        |       |       |   215 |   485 |   637 |       |       |       |       ||  1337
       Great sword       |       |       |       |       |   708 |  1499 |  1773 |  1674 |  1299 ||  6953
       Triple sword      |       |       |       |       |       |       |       |       |  6932 ||  6932
       Staff             |       |       |       |       |       |       |       |       |     6 ||     6
 Fire: Hunting sling     |       |    40 |     3 |       |       |       |       |       |       ||    43
       Blowgun           |       |       |       |       |     2 |       |       |       |     1 ||     3
Throw: Stone             |     3 |     2 |       |       |       |       |       |       |       ||     5
       Tomahawk          |     2 |     2 |    44 |     6 |    18 |       |       |       |       ||    72
       Javelin           |       |       |       |     5 |    22 |     3 |    11 |    21 |    20 ||    82
 Cast: Repel Missiles    |       |       |       |       |       |       |       |     9 |    21 ||    30
       Spectral Weapon   |       |       |       |       |       |       |       |    57 |   497 ||   554
       Swiftness         |       |       |       |       |       |       |       |     1 |     1 ||     2
       Regeneration      |       |       |       |       |       |       |       |    10 |   241 ||   251
       Blink             |       |       |       |       |       |       |       |     2 |    13 ||    15
       Apportation       |       |       |       |       |       |       |       |     1 |     4 ||     5
       Summon Butterflie |       |       |       |       |       |       |       |       |    14 ||    14
       Portal Projectile |       |       |       |       |       |       |       |       |     4 ||     4
       Necromutation     |       |       |       |       |       |       |       |       |   178 ||   178
       Aura of Abjuratio |       |       |       |       |       |       |       |       |    16 ||    16
       Haste             |       |       |       |       |       |       |       |       |     7 ||     7
Invok: Heroism           |       |       |       |     8 |    15 |    11 |     7 |    11 |    75 ||   127
       Finesse           |       |       |       |     1 |     4 |     2 |     1 |     2 |    10 ||    20
 Abil: Evoke Flight      |       |       |       |       |       |       |       |       |    42 ||    42
       End Transformatio |       |       |       |       |       |       |       |       |     5 ||     5
       Stop Flying       |       |       |       |       |       |       |       |       |     2 ||     2
Evoke: Wand              |     1 |     1 |     2 |     2 |     5 |     2 |     1 |     1 |    32 ||    47
       Phantom mirror    |       |       |       |       |       |       |       |       |     2 ||     2
  Use: Scroll            |     3 |     7 |     6 |    13 |    14 |    15 |     9 |     7 |    59 ||   133
       Potion            |       |     1 |       |     1 |     3 |     4 |     5 |       |    24 ||    38
 Stab: Sleeping          |     3 |       |       |     1 |       |       |    18 |    28 |   150 ||   200
       Distracted        |       |       |       |       |       |       |     9 |    17 |   197 ||   223
       Confused          |       |       |       |       |       |       |       |       |     1 ||     1
  Eat: Chunk             |       |    10 |    18 |    24 |    42 |    28 |    27 |    42 |    43 ||   234
       Pizza             |       |       |       |     1 |     1 |     1 |     2 |     2 |     6 ||    13
       Bread ration      |       |       |       |       |     2 |       |       |     1 |     7 ||    10
       Royal jelly       |       |       |       |       |     3 |     1 |       |     1 |     2 ||     7
       Meat ration       |       |       |       |       |       |     1 |     3 |       |    15 ||    19
       Beef jerky        |       |       |       |       |       |     1 |       |       |     2 ||     3

Table legend:
 A = Turns spent in this place as a percentage of turns spent in the entire game.
 B = Non-inter-level travel turns spent in this place as a percentage of non-inter-level travel turns spent in the entire game.
 C = Inter-level travel turns spent in this place as a percentage of turns spent in this place.
 D = Turns resting spent in this place as a percentage of non-inter-level travel turns spent in this place.
 E = Turns spent auto-exploring this place as a percentage of non-inter-level travel turns spent in this place.
 F = Non-inter-level travel turns spent in this place divided by the number of levels of this place that you've seen.
                   A       B       C       D       E      F
               +-------+-------+-------+-------+-------+----------------------
         Total | 100.0 | 100.0 |   0.5 |   1.3 |   2.0 | 525.4
       Dungeon |   7.4 |   7.4 |   1.7 |   1.6 |   7.0 | 334.8
        Temple |   0.0 |   0.0 |   8.3 |   0.0 |  81.8 |  11.0
          Lair |   7.5 |   7.5 |   1.4 |   1.2 |   4.0 | 639.0
        Shoals |   5.6 |   5.6 |   0.2 |   0.9 |   0.9 | 963.2
     Snake Pit |   4.4 |   4.4 |   0.4 |   3.2 |   4.3 | 750.5
    Slime Pits |   1.5 |   1.5 |   1.4 |   0.5 |   0.0 | 172.3
  Orcish Mines |   2.1 |   2.1 |   1.0 |   2.2 |   1.4 | 720.0
   Elven Halls |   5.1 |   5.1 |   0.2 |   0.2 |   1.1 | 1167.0
        Vaults |  10.4 |  10.4 |   0.4 |   0.7 |   0.6 | 1425.4
         Crypt |   4.2 |   4.2 |   0.2 |   1.8 |   2.2 | 961.7
          Tomb |   3.7 |   3.7 |   0.0 |   1.7 |   0.5 | 838.7
        Depths |   4.4 |   4.4 |   1.0 |   1.3 |   4.8 | 598.0
          Hell |   1.4 |   1.4 |   0.6 |   4.7 |   1.3 | 966.0
           Dis |   6.7 |   6.7 |   0.3 |   1.0 |   0.7 | 657.9
       Gehenna |   3.8 |   3.8 |   0.2 |   1.1 |   0.1 | 375.1
       Cocytus |   5.1 |   5.1 |   0.0 |   2.3 |   0.0 | 499.9
      Tartarus |   6.4 |   6.5 |   0.2 |   0.7 |   0.5 | 630.4
           Zot |   4.3 |   4.2 |   0.6 |   1.2 |   4.2 | 580.4
         Abyss |   3.6 |   3.6 |   0.0 |   0.0 |   1.1 | 271.0
   Pandemonium |  10.0 |  10.1 |   0.0 |   1.8 |   1.4 | 298.8
     Labyrinth |   0.2 |   0.2 |   0.0 |   1.9 |   0.0 | 103.0
        Bazaar |   0.1 |   0.1 |   0.0 |   0.0 |   1.3 |  78.0
         Trove |   0.1 |   0.1 |   0.0 |   0.0 |   0.0 |  54.0
      Ice Cave |   0.8 |   0.8 |   0.0 |   2.3 |   1.2 | 517.0
        Wizlab |   1.1 |   1.1 |   0.0 |   0.4 |   1.0 | 735.0
               +-------+-------+-------+-------+-------+----------------------

Vault maps used:
D:1:      saegor_arrival_simple_b
D:2:      first_bread, fedhas_altar_4
D:3:      cheibriados_altar_1, grunt_decor_arrowhead, uniq_jessica
D:4:      serial_shops, nicolae_shop_crystal, lemuel_statue_altar,
          uniq_blork_the_orc
D:5:      lemuel_upstairs_altar, okawaru_trees_1,
          gammafunk_temple_overflow_statue, johnstein_pakellas_shop
D:6:      nicolae_dithmenos_the_darkroom, serial_shops, shop, shop, shop,
          minmay_misc_feat_encased
D:7:      kiku_gazebo_pond_becter, nicolae_ru_sacrificial_ziggurat,
          minmay_temple_entry_glassed_door, serial_shops, shop,
          uniq_crazy_yiuf_cottage
D:8:      serial_corexii_hall, corexii_hall_statues_i, corexii_hall_statues_s
D:9:      kennysheep_little_box, minmay_overflow_temple_star_quad, orc_0_dummy,
          serial_shops, kennysheep_mini_moat
D:10:     grunt_lair_entry_orc_guard_hut, serial_shops, shop, elyvilon_altar_5
D:11:     hangedman_tell_no_tales
D:12:     serial_shops, shop
D:13:     lightli_wizard_tower
D:14:     lightli_vaults_fourway_checkpoint, serial_shops, bzr_entry_customers,
          spider_trap, uniq_agnes
D:15:     hangedman_depths_entry_try_elsewhere_first, columned_hall_lemuel,
          uniq_azrael, uniq_louise
Temple:   nicolae_temple_great_sept
Lair:2:   grunt_forest_large_clearing_hut, uniq_sonja
Lair:3:   lab_entry_generic, basic_altar, nicolae_lair_grove_arrangements,
          uniq_urug
Lair:4:   kennysheep_rathole, minmay_snake_entry_guardpost_small,
          beast_lair_carwin_8
Lair:5:   elwin_shoals_entry_rocks, eino_small_chamber_without_monster,
          grunt_forest_large_clearings, lemuel_fruit_tree, grunt_megastairs_5
Lair:6:   minmay_slime_entry_jelly_boxes, minmay_another_anthill,
          grunt_megastairs_4
Lair:7:   portal_ice_cave_entry_animals_and_master, uniq_josephine, uniq_kirke
Lair:8:   evil_forest, serial_bayou_pond_a
Shoals:3: nicolae_shoals_circle_sea_wall
Shoals:4: shoals_end_grunt_garden, shoals_ilsuiw_alternative,
          nicolae_shoals_dead_sea_scrolls
Snake:1:  serial_shops, shop, grunt_megastairs_2
Snake:2:  uniq_donald
Snake:3:  basic_altar, serial_shops, shop, spider_trap, uniq_vashnia
Snake:4:  snake_pit_salamanders_mu, hangedman_snake_pattern
Slime:5:  nicolae_slime_round_cave
Orc:1:    basic_altar
Orc:2:    st_orc_rangers, basic_altar, uniq_maurice, uniq_saint_roka
Elf:1:    serial_shops, shop, orc_legates, uniq_frances
Elf:2:    minivault_27, nicolae_elf_v_pinch
Elf:3:    minmay_elf_hall_spiked, corner_web_ring
Vaults:1: v_misc_4, hangedman_vaults_locks, vaults_room_door_hall,
          vaults_room_grid, mu_enter_wizlab_4
Vaults:2: v_misc_15, v_misc_11, minmay_crypt_entry_simple_plaza, v_misc_11,
          ontoclasm_vaults_twist, stair_cage_open, v_misc_18,
          nicolae_vaults_what_the_h, nicolae_vaults_little_squares_4, v_misc_24,
          v_misc_27, ontoclasm_vaults_ligature, nicolae_vaults_border_crossing,
          nicolae_vaults_shelves_hall, uniq_aizul
Vaults:3: v_alt_pattern_2, hangedman_vaults_hat, v_misc_9,
          nicolae_vaults_shelves_hall, nicolae_vaults_little_squares_3,
          dpeg_vaults_monster_row, vaults_room_corners,
          hangedman_vaults_capsules, ontoclasm_vaults_fault
Vaults:4: hangedman_vaults_stagger, ontoclasm_vaults_idyll, vaults_room_grid,
          grunt_vaults_hallway_short, vaults_room_pools, v_alt_pattern_1,
          grunt_vaults_hallway_short, st_cross, nicolae_vaults_asterisk,
          ontoclasm_vaults_pinch, vaults_room_hallway,
          nicolae_vaults_stairing_the_circle, grunt_vaults_twisty,
          ontoclasm_vaults_eye, serial_shops, nicolae_shop_stone, uniq_mennas
Vaults:5: uniq_jory
Crypt:1:  st_stairs_4, grunt_crypt_arrival_webbed
Crypt:2:  uniq_xtahua, uniq_khufu
Crypt:3:  grunt_crypt_end_deaths_head
Depths:1: pf_hell_entry_tar_spiral, abandoned_shop,
          evilmike_spriggan_trog_shrine, uniq_asterion
Depths:2: onia_ninara_swampy_vault, hell_entry, minivault_16, kennysheep_dice,
          infiniplex_staircase_zigzag_4, firewood_loft
Depths:3: minmay_octo_star, enter_ziggurat_d, rand_demon_pan_entry_5,
          pf_dread_powers_of_hell, lemuel_nasty_fountain,
          infiniplex_staircase_zigzag_2, uniq_boris
Depths:4: kennysheep_oblong_rooms, abyss_entry, corexii_hall_statues_t,
          hangedman_coc_ice_floe, trove_entry_hex_spiral, grunt_ministairs_4
Depths:5: grunt_x_marks_the_spot, hangedman_decor_peaks_small, abyss_entry,
          grunt_mini_vestibule, rand_demon_pan_entry_7
Dis:2:    lemuel_elevator
Dis:4:    kennysheep_iron_temple
Dis:6:    hangedman_dis_decor_tower
Dis:7:    dis_st
Geh:7:    evilmike_geh
Coc:7:    coc_grunt
Tar:1:    hangedman_snap_crack_crunch
Tar:3:    nicolae_tar_cuneiform_three
Tar:6:    nicolae_tar_cuneiform_to_be
Tar:7:    tar_mu
Zot:2:    grunt_twist_and_shout
Zot:4:    bh_zot_levy_curve, grunt_megastairs_3
Abyss:1:  bh_abyss_exit_spiral
Abyss:3:  bh_abyss_exit_grid
Abyss:5:  hangedman_summoners_spam, guppyfry_abyss_exit_glass_guarded,
          serial_sigils_hangedman_snap
Pan:      rand_demon_7, pan_blood_fountain_small, grunt_pan_pentagram,
          evilmike_mini_pan_thingy, grunt_pan_in_and_out, pan_blood_fountain,
          evilmike_mini_pan_corridor, evilmike_mini_pan_doors_b,
          evilmike_mini_pan_rooms, nicolae_pan_lom_lobonic_2,
          nicolae_pan_sigil_itan, nicolae_pan_giant_door,
          pan_blood_fountain_small, nicolae_pan_cerebovesque_4, rand_demon_9,
          gloorx_vloq_grunt_torture_chamber, evilmike_mini_pan_corner,
          nicolae_pan_gloorx_vloqian_3, rand_demon_6, grunt_pan_in_and_out,
          nicolae_pan_sigil_uleosi, rand_demon_3, pan_blood_fountain_2,
          pan_blood_fountain, evilmike_holy_pan, evilmike_mini_pan_diamond,
          nicolae_pan_hourglass, nicolae_pan_cerebovesque_1,
          mnoleg_grunt_wretched_star, grunt_pan_frozen_over,
          pan_blood_fountain_small, nicolae_pan_cerebovesque_1,
          evilmike_mini_pan_pillars, cerebov_st, nicolae_pan_sigil_uleosi,
          nicolae_pan_lom_lobonic_1, lom_lobon_grunt, pan_blood_fountain_small,
          pan_blood_fountain, grunt_pan_spiral, pan_blood_fountain,
          pan_blood_fountain_2, nicolae_pan_mnolegish_5
Lab:      labyrinth_watery, labyrinth_skeletal_remains, nicolae_lab_swirl,
          lab_fountain, nicolae_lab_hexagon, lab_hedge, nicolae_lab_stuck,
          nicolae_lab_very_dead_end
Bazaar:   bazaar_kb_twisted_cavern
Trove:    trove_simple
IceCv:    ice_cave_small_necro
WizLab:   wizlab_golubria
